Workbook

Sheet Zadanie_nr_1
B1: Załacznik nr 9 | I1: ZOZ/DZP/PN/6/22
A2: Zadanie nr 1 - Odczynniki hematologiczne wraz z dzierżawą analizatora na 36 miesięcy
A4: Lp. | B4: Przedmiot zamówienia | C4: Jednostka miary | D4: Ilość oferowanych opakowań | E4: Cena jednostkowa netto | F4: Wartość netto | G4: VAT | H4: Cena jednostkowa brutto | I4: Wartość brutto | J4: Producent/ nazwa handlowa
A5: 1 | B5: Odczynniki i materiały zużywalne niezbędne do wykonania 123000 badań w tym 43 000 w trybie CBC, 80 000 w trybie 5 DIFF , 2000 oznaczeń reticulocytów na 36 miesięcy
A6: 2 | B6: Materiały kontrolne (krew kontrolna) wykonywana codziennie na poziomie normalnym, 3 x w tygodniu na poziomie niskim i wysokim
A7: 3 | B7: Dzierżawa analizatora (opis aparatu zgodnie z Załącznikiem nr 2-1) | C7: miesiąc | D7: 36
B8: Łącznie
A11: 1 | B11: Wykonawca powinien podać wszystkie odczynniki, materiały kontrolne, materiały kalibracyjne i inne niewymienione materiały niezbędne do wykonania podanej ilości oznaczeń oraz dokonać ich wyceny.
A12: 2 | B12: Oferowane odczynniki i materiały kontrolne powinny posiadać aktualne karty charakterystyk, które winny być dostarczone wraz z pierwszą dostawą.
A13: 3 | B13: Ilość odczynników dostosowana do ilości wykonywanych badań i trwałości odczynnika po otwarciu opakowania
A14: 4 | B14: Wielkość opakowania zbiorczego zamawianego jednorazowo nie może być większa niż ilość oznaczeń w przeliczeniu wykonanych w ciągu miesiąca
A15: 5 | B15: Odczynniki płynne gotowe do użycia
A16: 6 | B16: Odczynniki powinny pochodzić od jednego producenta
A17: 7 | B17: Termin przydatności odczynników do użycia powinien być nie krótszy niż 5 miesięcy od daty dostawy z wyłączeniem materiałów kontrolnych dla których okres ważności ma wynosić do 2 miesięcy
A18: 8 | B18: Zamawiający wymaga aby zaoferowane, materiały kontrolne, materiały kalibracyjne, materiały zużywalne były wskazane w instrukcji producenta analizatora
A19: 9 | B19: Zgodnie z Ustawą o Wyrobach medycznych z 20.05.2010 każdy z oferowanych produktów w zależności od klasy wyrobu musi posiadać: Certyfikat jednostki notyfikowanej, Deklaracja Zgodności oraz wpis/zgłoszenie do rejestru Wyrobów medycznych
B22: Data …………………………………………. ………………………………………………...
H23: Podpis osoby/osób uprawnionej

Sheet Załącznik_nr_2
C1: Załącznik nr 9
B2: Zadanie nr 2 -Odczynniki biochemiczne i immunochemiczne wraz z dzierżawą analizatora na 48 miesięcy
A3: Część | B3: Lp. | C3: Nazwa produktu | D3: Ilość oznaczeń na 12 miesięcy | E3: Ilość oznaczeń na 48 miesięcy | F3: Jednostka miary | G3: Ilość oferowanych opakowań | H3: Cena jednostkowa netto | I3: Wartość netto | J3: VAT | K3: Cena jednostkowa brutto | L3: Wartość brutto | M3: Producent/ nazwa handlowa
A4: I | B4: 1 | C4: Albumina | D4: =E4/4 -> 500 | E4: 2000
B5: 2 | C5: Bilirubina całkowita | D5: =E5/4 -> 6733 | E5: 26932
B6: 3 | C6: Bilirubina bezpośrednia | D6: =E6/4 -> 323 | E6: 1292
B7: 4 | C7: Cholesterol całkowity | D7: =E7/4 -> 6733 | E7: 26932
B8: 5 | C8: Cholesterol HDL bezpośredni | D8: =E8/4 -> 6266 | E8: 25064
B9: 6 | C9: Trójglicerydy | D9: =E9/4 -> 6733 | E9: 26932
B10: 6 | C10: Kreatynina met. enzymatyczna | D10: =E10/4 -> 22900 | E10: 91600
B11: 8 | C11: Kwas moczowy | D11: =E11/4 -> 2766 | E11: 11064
B12: 9 | C12: Mocznik | D12: =E12/4 -> 5853 | E12: 23412
B13: 10 | C13: Glukoza met.enzymatyczna z heksokinazą | D13: 22110 | E13: 88440
B14: 11 | C14: Białko całkowite met. biuretowa | D14: =E14/4 -> 883 | E14: 3532
B15: 12 | C15: ALT Transaminaza alaninowa | D15: =E15/4 -> 10260 | E15: 41040
B16: 13 | C16: AST Transaminaza asparaginowa | D16: =E16/4 -> 9500 | E16: 38000
B17: 14 | C17: Amylaza | D17: =E17/4 -> 5100 | E17: 20400
B18: 15 | C18: GGTP Gammaglutamylotransferaza | D18: =E18/4 -> 4446 | E18: 17784
B19: 16 | C19: ALP fosfataza alkaliczna | D19: =E19/4 -> 1766 | E19: 7064
B20: 17 | C20: CK kinaza kreatynowa | D20: =E20/4 -> 370 | E20: 1480
B21: 18 | C21: Żelazo | D21: =E21/4 -> 2000 | E21: 8000
B22: 19 | C22: UIBC utajona zdolność wiązania żelaza/TIBC | D22: =E22/4 -> 533 | E22: 2132
B23: 20 | C23: Wapń całkowity | D23: =E23/4 -> 2638 | E23: 10552
B24: 21 | C24: Fosforany nieorganiczne | D24: =E24/4 -> 1600 | E24: 6400
B25: 21 | C25: Magnez | D25: =E25/4 -> 2267 | E25: 9068
... B33: 29 | C33: Albumina w moczu | D33: =E33/4 -> 200 | E33: 800
B34: 30 | C34: Lipaza | D34: 2350 | E34: 9400
B35: 31 | C35: Białko całkowite w moczu i płynach ustrojowych | D35: =E35/4 -> 500 | E35: 2000
B36: 32 | C36: LDH (dehydrogenaza mleczanowa) wg IFCC | D36: =E36/4 -> 1843 | E36: 7372
B37: 33 | C37: Amoniak w osoczu krwi | D37: =E37/4 -> 133 | E37: 532
B38: 34 | C38: Homocysteina | D38: =E38/4 -> 167 | E38: 668
B39: 35 | C39: Materiały kalibracyjne
B40: 36 | C40: Materiały kontrolne wieloparametrowe i dedykowane
B41: 37 | C41: Materiały zużywalne
A42: Część | B42: Lp. | C42: Nazwa produktu | D42: Ilość oznaczeń na 12 miesięcy | E42: Ilość oznaczeń na 48 miesięcy | F42: Jednostka miary | G42: Ilość oferowanych opakowań | H42: Cena jednostkowa netto | I42: Wartość netto | J42: VAT | K42: Cena jednostkowa brutto | L42: Wartość brutto | M42: Producent/ nazwa handlowa
A43: II | B43: 1 | C43: TSH 3 generacji | D43: =E43/4 -> 5667 | E43: 22668 | F43: 100 testów
B44: 2 | C44: Free T4 | D44: =E44/4 -> 2110 | E44: 8440 | F44: 100 testów
B45: 3 | C45: Free T3 | D45: =E45/4 -> 1490 | E45: 5960 | F45: 100 testów
B46: 4 | C46: Anty-TPO | D46: =E46/4 -> 434 | E46: 1736 | F46: 100 testów
B47: 5 | C47: LH | D47: =E47/4 -> 133 | E47: 532 | F47: 100 testów
B48: 6 | C48: FSH | D48: =E48/4 -> 233 | E48: 932 | F48: 100 testów
B49: 7 | C49: Estradiol | D49: =E49/4 -> 240 | E49: 960 | F49: 100 testów
B50: 8 | C50: Beta HCG | D50: =E50/4 -> 333 | E50: 1332 | F50: 100 testów
B51: 9 | C51: Prolaktyna | D51: =E51/4 -> 300 | E51: 1200 | F51: 100 testów
B52: 10 | C52: Testosteron | D52: =E52/4 -> 160 | E52: 640 | F52: 100 testów
B53: 11 | C53: Progesteron | D53: =E53/4 -> 166 | E53: 664 | F53: 100 testów
B54: 12 | C54: Witamina B12 | D54: =E54/4 -> 760 | E54: 3040 | F54: 100 testów
B55: 13 | C55: Rubella IgG | D55: =E55/4 -> 100 | E55: 400 | F55: 100 testów
... B75: 33 | C75: SARS CoV 2 p/ciała IgG ilościowo | D75: =E75/4 -> 1000 | E75: 4000 | F75: 100 testów
B76: 34 | C76: Materiały zużywalne, materiały kontrolne wieloparametrowe , dedykowane i kalibracyjne do podanej ilości badań
C78: Dzierżawa analizatora (opis aparatu zgodnie z Załącznikiem nr 2-2) | E78: x | F78: miesiąc | G78: 48
F79: ŁĄCZNIE
B82: 1 | C82: Wykonawca powinien podać wszystkie odczynniki, materiały kontrolne, materiały kalibracyjne i inne niewymienione materiały niezbędne do wykonania podanej ilości oznaczeń oraz dokonać ich wyceny.
B83: 2 | C83: Oferowane odczynniki i materiały kontrolne powinny posiadać aktualne karty charakterystyk, które Wykonawca dostarczy wraz z pierwszą dostawą.
B84: 3 | C84: Wykonawca zapewni ciągłość danej serii materiału kontrolnego przez okres co najmniej 1 go roku
B85: 4 | C85: Zamawiający wymaga dla oznaczanych parametrów materiałów kontrolnych na co najmniej dwóch poziomach: normalnym i patologicznym
B86: 5 | C86: Wielkość opakowania i termin przydatności odczynników do użycia powinien być nie krótszy niż 6 miesięcy od daty dostawy
B87: 6 | C87: Do podanej ilości badań należy doliczyć testy potrzebne do wykonania kontroli oraz kalibracji według wytycznych i metodyki producenta
B88: 7 | C88: Przyjęto następujący schemat kontroli dla części I:
C89: 2 x w tygodniu na różnych poziomach dla ilości testów 100-500
C90: 5-6 x tygodniu na różnych poziomach dla ilości testów >500
B91: 8 | C91: Przyjęto następujący schemat kontroli dla części II:
C92: 2 x w tygodniu na różnych poziomach dla ilości testów 100-300
C93: 4 x tygodniu na różnych poziomach dla ilości testów >300
B94: 9 | C94: Ilość odczynników dostosowana do ilości wykonywanych badań i trwałości odczynnika po otwarciu opakowania
B95: 10 | C95: Zgodnie z Ustawą o Wyrobach medycznych z 20.05.2010 każdy z oferowanych produktów w zależności od klasy wyrobu musi posiadać: Certyfikat jednostki notyfikowanej, Deklaracja Zgodności oraz wpis/zgłoszenie do rejestru Wyrobów medycznych
C97: …………….., dnia ………………… ……………………………………
C98: Podpis
C99: osoby upoważnionej

Sheet Zadanie_nr_3
B1: Załacznik nr 9
B3: Zadanie nr 3 - Odczynniki do barwienia rozmazów wraz z dzierżawą aparatu w okresie 36 miesięcy
A4: Lp. | B4: Przedmiot zamówienia | C4: Ilość oznaczeń | D4: Jednostka miary (zestaw odczynników) | E4: Ilość opakowań (zestawów) | F4: Cena jednostkowa netto | G4: Wartość netto | H4: Vat | I4: Cena jednostkowa brutto | J4: Wartość brutto | K4: Producent/ Model
A5: 1 | B5: Odczynniki niezbędne do do automatycznego wybarwienia 4800 rozmazów krwi oraz szpiku kostnego w okresie 36 miesięcy | C5: 4800 | E5: 53
A6: 2 | B6: Dzierżawa analizatora (opis aparatu zgodnie z Załącznikiem nr 2-3)
B7: Łącznie
B10: …………….., dnia ………………… ……………………………………
B11: Podpis
B12: osoby upoważnionej

Sheet Zadanie_nr_4
B1: Załącznik nr 9
B3: Zadanie nr 4 - Panele narkotykowe na 12 miesięcy
A4: Lp. | B4: Przedmiot zamówienia | C4: Ilość oznaczeń | D4: Jednostka miary (opakowania) | E4: Ilość opakowań | F4: Cena jednostkowa netto | G4: Wartość netto | H4: Vat | I4: Cena jednostkowa brutto | J4: Wartość brutto | K4: Producent/ Model
A5: 1 | B5: Szybki test przesiewowy, immunochromatograficzny, wykorzystujący przeciwciała monoklonalne do selektywnego wykrywania podwyższonych poziomów określonych leków/narkotyków w moczu. Wymaga się, aby jakościowy panel testowy wykrywał następujące składniki w danych stężeniach odcięcia : Amfetamina(AMP500), Barbiturany(BAR300), Benzodiazepiny(BZO300), Kokaina(COC300), Marihuana(TCT50), Metadon(MTD300), Metamfetamina(MET1,00), Opiaty(OPI2,00), Fencyklidyna(PCP), Trójcykliczne leki przeciwdepresyjne(TCA). Wymagany jest panel testowy w indywidualnym foliowym opakowaniu dla pojedynczego oznaczenia. Ilość pojedynczych paneli testowych w opakowaniu dostarczonych do klienta nie większa niż 25 sztuk. Wymagana jest metodyka wykonania testu w języku polskim. | C5: 250 | D5: 25szt | E5: 10
B6: Łącznie
B9: Zgodnie z Ustawą o Wyrobach medycznych z 20.05.2010 każdy z oferowanych produktów w zależności od klasy wyrobu musi posiadać: Certyfikat jednostki notyfikowanej, Deklaracja Zgodności oraz wpis/zgłoszenie do rejestru Wyrobów medycznych
B11: Data …………………………………………. ………………………………………………...
H12: Podpis osoby/osób uprawnionej

Sheet Zadanie_nr_5
B1: Załącznik nr 9
A3: Zadanie nr 5 - Bakteriologia - Podłoża do posiewy krwi wraz z dzierżawa aparatu
A4: Lp. | B4: Nazwa produktu | C4: Jednostka miary | D4: Ilość na trzy lata | E4: Cena jednostkowa netto | F4: Wartość netto | G4: VAT | H4: Cena jednostkowa brutto | I4: Wartość brutto | J4: Producent/ nazwa handlowa
A5: 1 | B5: Podłoża do hodowli tlenowej | C5: butelka | D5: 250
A7: 2 | B7: Podłoża do hodowli beztlenowej | C7: butelka | D7: 450
A9: 3 | B9: Podłoża do hodowli tlenowej z inhibitorem antybiotyku | C9: butelka | D9: 1500
A11: 4 | B11: Podłoża do hodowli beztlenowej z inhibitorem antybiotyku | C11: butelka | D11: 1100
A13: 5 | B13: Podłoża pediatryczne | C13: butelka | D13: 2000
A15: 6 | B15: Podłoża selektywne do hodowli grzybów z inhibitorem wzrostu bakterii | C15: butelka | D15: 100
A17: 7 | B17: Podłoża z czynnikiem lizującym dla drobnoustrojów beztlenowych | C17: butelka | D17: 1500
A19: 8 | B19: Nakładki na butelki z igłą do bezpiecznego posiewu krwi | C19: sztuka | D19: 3000
A21: 9 | B21: Dzierżawa aparatu do posiewu krwi (opis aparatu zgodnie z Załącznikiem nr 2-5) | C21: miesiąc | D21: 36
E22: Łącznie
B25: Warunki wymagane:
B26: 1. Zgodnie z ustawą o wyrobach medycznych z 20.05.2010 w zależności od klasy wyrobu: certyfikat jednostki notyfikowanej, deklaracja zgodności oraz wpis /zgłoszenie do rejestru wyrobów medycznych do każdego produktu
B27: 2. Opisy w języku polskim
B28: 4. Okres ważności każdego produktu min.6 miesięcy.
B29: 5. Przy każdej dostawie należy dostarczyć Certyfikat/świadectwo kontroli jakości dostarczonej partii produktu.
B30: 6. Zamawiający zastrzega sobie możliwość zakupu pojedynczych sztuk w ilości nie mniejszej niż 25 szt.
B31: 7. Podłoża od poz. 1do poz. 7 dostosowane do próżniowego pobierania krwi bezpośrednio do butelek za pomocą zestawów ( standardowy uchwyt dostosowany do średnicy probówek w systemie próżniowym + igła motylkowa z wężykiem )
B32: 8. Możliwość przechowywania podłóż w temperaturze pokojowej, niewrażliwość podłóż na czynniki zewnętrzne.
B33: 9. Możliwość stosowania zwalidowanych przez producenta suplementów dla organizmów wymagających, hodowanych z płynów innych niż krew oraz przy pobieraniu małych ilości krwi. Suplement posiadający odpowiednie certyfikacty.
B34: 10. Data ważności suplementu wzbogacającego do butelek do posiewów – min. 3 tygodnie od daty przygotowania do użycia.
B35: 11.Suplement oznakowany CE IVD zgodnie z dyrektywą 98/79/EC dla wyrobów medycznych do diagnostyki in-vitro.
B36: 12. Suplement zwalidowany przez producenta z oferowanymi podłożami wraz z procedurą zastosowania zawartą w instrukcji producenta.
B39: Data …………………………………………. ………………………………………………...
H40: Podpis osoby/osób uprawnionej

Sheet Zadanie_nr_6
B1: Załącznik nr 9
A3: Zadanie nr 6 - Bakteriologia – Podłoża stałe, płynne i chromogenne.
A4: Lp. | B4: Nazwa produktu | C4: Jednostka miary | D4: Ilość | E4: Cena jednostkowa netto | F4: Wartość netto | G4: VAT | H4: Cena jednostkowa brutto | I4: Wartość brutto | J4: Producent/ nazwa handlowa
A5: 1 | B5: Columbia Agar z 5% krwią baranią | C5: Op=10 | D5: 450
A6: 2 | B6: Mac Concey Agar z fioletem krystalicznym | C6: Op=10 | D6: 550
A7: 3 | B7: Muller Hinton II Agar | C7: Op=10 | D7: 500
A8: 4 | B8: Muller Hinton II Agar z 5% krwią końską i 20mg/l NAD. | C8: Op=10 | D8: 250
A9: 5 | B9: Muller Hinton II Agar z kloksacyliną | C9: Op=10 | D9: 30
A10: 6 | B10: MRSA Agar (agar z 6%NaCl i oksacyliną – 90mm) | C10: Op=10 | D10: 60
A11: 7 | B11: HTM Agar (Haemophilus Test Medium płytki) | C11: Op=10 | D11: 30
A12: 8 | B12: Mannitol Salt Agar | C12: Op=10 | D12: 80
A13: 9 | B13: Enterococcosel Agar (z żółcią, esculiną) | C13: Op=10 | D13: 150
A14: 10 | B14: Salmonella Shigella Agar | C14: Op=10 | D14: 130
A15: 11 | B15: Hectoen Enteric Agar | C15: Op=10 | D15: 130
A16: 12 | B16: Chocolate Haemophilus | C16: Op=10 | D16: 100
... A41: 37 | B41: Chromagar Candida Plus | C41: Op=10 | D41: 30
E42: Łącznie
B45: WARUNKI WYMAGANE:
B46: 1. Zgodnie z Ustawą o Wyrobach medycznych z 20.05.2010 w zależności od klasy wyrobu: Certyfikat jednostki notyfikowanej, Deklaracja Zgodności oraz wpis/zgłoszenie do rejestru Wyrobów medycznych do każdego produktu
B47: 3. Podłoża stałe na płytkach o średnicy 90 mm.
B48: 7. Okres ważności każdego produktu od chwili dostarczenia:
B49: poz. 1, 4 , 5, 6,14 - min 1 miesiąc, poz. 25,26,29 - min 7 tyg.
B50: pozostałe pozycje min. 3 miesiące
B51: 8.Podłoża nr.17, 35 płynne w probówce o poj. 5 ml, nr 18 płynne w probówce o poj. 3 ml, 19,20,21,22, 23 płynne w probówkach o poj. 2 ml
B52: 9. Wymagane podłoża muszą być od jednego producenta.
B53: 10. Do podłoży chromogennych należy dołączyć kolorowe ulotki.
B54: 11. Przy każdej dostawie należy dostarczyć Certyfikat/ Swiadectwo kontroli jakości dostarczanej partii produktu
B55: 12.Dla podłoża nr 34 – wymagana pozytywna opinia KORDL
B56: 13. Zamawiający zastrzega sobie prawo do wezwania próbek w zakresie Zadania nr 6 poszczególnych podłoży w celu sprawdzenia ich zgodności z wymaganiami SWZ przed podpisaniem Umowy.
... B59: Data …………………………………………. ………………………………………………...
H60: Podpis osoby/osób uprawnionej

Sheet Zadanie_nr_7
B1: Załącznik nr 9
A3: Zadanie nr 7 - Bakteriologia - Szczepy kontrolne
A4: Lp. | B4: Nazwa produktu | C4: Jednostka miary | D4: Ilość na trzy lata | E4: Cena jednostkowa netto | F4: Wartość netto | G4: VAT | H4: Cena jednostkowa brutto | I4: Wartość brutto | J4: Producent/ nazwa handlowa
A5: 1 | B5: Staphylococcus aureus ATCC 29213 | C5: szt | D5: 3
A6: 2 | B6: Staphylococcus aureus ATCC 43300 | C6: szt | D6: 3
A7: 3 | B7: Escherichia coli ATCC 25922 | C7: szt | D7: 3
A8: 4 | B8: Klebsiella pneumoniae ATCC 700603 | C8: szt | D8: 3
A9: 5 | B9: Enterococcus faecalis ATCC 29212 | C9: szt | D9: 3
A10: 6 | B10: Enterococcus faecalis ATCC 51299 | C10: szt | D10: 3
A11: 7 | B11: Streptococcus pneumoniae ATCC 49619 | C11: szt | D11: 3
A12: 8 | B12: Haemophilus influenzae ATCC 49766 | C12: szt | D12: 3
A13: 9 | B13: Pseudomonas aeruginosa ATCC 27853 | C13: szt | D13: 3
A14: 10 | B14: Eschericha coli NCTC 13846 | C14: szt | D14: 3
A15: 11 | B15: Haemophilus influenzae NTCT 8468 | C15: szt | D15: 3
A16: 12 | B16: Escherichia coli ATCC 35218 | C16: szt | D16: 3
... A18: 14 | B18: VIABANK do przechowywania szczepów | C18: Op=80 szt | D18: 3
B19: RAZEM
B21: Warunki wymagane:
B23: WARUNKI WYMAGANE:
B24: 1.Przedmiot zamówienia posiada zgodnie z Ustawą o Wyrobach medycznych z 20.05.2010 w zależności od klasy wyrobu: Certyfikat jednostki notyfikowanej, Deklaracja Zgodności oraz wpis/zgłoszenie/ powiadomienie do rejestru Wyrobów medycznych do każdego produktu
B25: 2. Szczepy z max.2 pasażu.
B26: 3. Instrukcja obsługi w języku polskim
B27: 4. Opis każdego produktu w języku polskim.
B28: 5. Przy każdej dostawie należy dostarczyć Certyfikat/ Świadectwo kontroli jakości dostarczanej partii produktu
B31: Data …………………………………………. ………………………………………………...
H32: Podpis osoby/osób uprawnionej

Sheet Sheet3
B1: Reagents
A2: PN | B2: Description | C2: Tests | D2: Tests | E2: Total Tests | F2: Difference | G2: Tests/kit | H2: Kits per | I2: Qty mini | J2: Price / | K2: Total Price
C3: YEAR X *YEAR X * | D3: YEAR X+1 (A)**YEAR X+1 (A)** | E3: per year X+1 (B)***per year X+1 (B)*** | F3: (A)-(B) | G3: (volume) | H3: year | I3: per year | J3: Kit $ | K3: $
A4: 33820 | B4: hTSH Reagent (3rd Gen) | C4: =sheet1 #REF! -> #NAME? | D4: =IF(increase=0,ROUND(C4*1,0),ROUND(C4+C4*(increase/100),0)) -> #NAME? | E4: =IF(D4>0,ROUND(D4*((rerun)+1)+(cont*365),0),ROUND(D4,0)) -> #NAME? | F4: =ABS(E4-D4) -> #NAME? | G4: 200 | H4: =ROUND((E4/G4+0.499999),0) -> #NAME? | I4: 6 | K4: =H4*J4 -> #NAME?
A5: 33800 | B5: Total T4 Reagent | C5: =sheet1 #REF! -> #NAME? | D5: =IF(increase=0,ROUND(C5*1,0),ROUND(C5+C5*(increase/100),0)) -> #NAME? | E5: =IF(D5>0,ROUND(D5*((rerun/100)+1)+(cont*365),0),ROUND(D5,0)) -> #NAME? | F5: =ABS(E5-D5) -> #NAME? | G5: 100 | H5: =ROUND((E5/G5+0.499999),0) -> #NAME? | I5: 12 | K5: =H5*J5 -> #NAME?
A6: 33830 | B6: Total T3 Reagent | C6: =sheet1 #REF! -> #NAME? | D6: =IF(increase=0,ROUND(C6*1,0),ROUND(C6+C6*(increase/100),0)) -> #NAME? | E6: =IF(D6>0,ROUND(D6*((rerun/100)+1)+(cont*365),0),ROUND(D6,0)) -> #NAME? | F6: =ABS(E6-D6) -> #NAME? | G6: 100 | H6: =ROUND((E6/G6+0.499999),0) -> #NAME? | I6: 6 | K6: =H6*J6 -> #NAME?
A7: 33810 | B7: T-Uptake Reagent | C7: =sheet1 #REF! -> #NAME? | D7: =IF(increase=0,ROUND(C7*1,0),ROUND(C7+C7*(increase/100),0)) -> #NAME? | E7: =IF(D7>0,ROUND(D7*((rerun/100)+1)+(cont*365),0),ROUND(D7,0)) -> #NAME? | F7: =ABS(E7-D7) -> #NAME? | G7: 100 | H7: =ROUND((E7/G7+0.499999),0) -> #NAME? | I7: 6 | K7: =H7*J7 -> #NAME?
A8: 33880 | B8: Free T4 Reagent | C8: =sheet1 #REF! -> #NAME? | D8: =IF(increase=0,ROUND(C8*1,0),ROUND(C8+C8*(increase/100),0)) -> #NAME? | E8: =IF(D8>0,ROUND(D8*((rerun/100)+1)+(cont*365),0),ROUND(D8,0)) -> #NAME? | F8: =ABS(E8-D8) -> #NAME? | G8: 100 | H8: =ROUND((E8/G8+0.499999),0) -> #NAME? | I8: 6 | K8: =H8*J8 -> #NAME?
A9: A13422 | B9: Free T3 Reagent | C9: =sheet1 #REF! -> #NAME? | D9: =IF(increase=0,ROUND(C9*1,0),ROUND(C9+C9*(increase/100),0)) -> #NAME? | E9: =IF(D9>0,ROUND(D9*((rerun/100)+1)+(cont*365),0),ROUND(D9,0)) -> #NAME? | F9: =ABS(E9-D9) -> #NAME? | G9: 100 | H9: =ROUND((E9/G9+0.499999),0) -> #NAME? | I9: 6 | K9: =H9*J9 -> #NAME?
A10: 33860 | B10: Thyroglobulin Reagent | C10: =sheet1 #REF! -> #NAME? | D10: =IF(increase=0,ROUND(C10*1,0),ROUND(C10+C10*(increase/100),0)) -> #NAME? | E10: =IF(D10>0,ROUND(D10*((rerun/100)+1)+(cont*365),0),ROUND(D10,0)) -> #NAME? | F10: =ABS(E10-D10) -> #NAME? | G10: 100 | H10: =ROUND((E10/G10+0.499999),0) -> #NAME? | I10: 6 | K10: =H10*J10 -> #NAME?
A11: A32898 | B11: Anti-Thyroglobulin II Reagent | C11: =sheet1 #REF! -> #NAME? | D11: =IF(increase=0,ROUND(C11*1,0),ROUND(C11+C11*(increase/100),0)) -> #NAME? | E11: =IF(D11>0,ROUND(D11*((rerun/100)+1)+(cont*365),0),ROUND(D11,0)) -> #NAME? | F11: =ABS(E11-D11) -> #NAME? | G11: 100 | H11: =ROUND((E11/G11+0.499999),0) -> #NAME? | I11: 3 | K11: =H11*J11 -> #NAME?
A12: A12985 | B12: TPO Ab reagent, 2 x 50 tests | C12: =sheet1 #REF! -> #NAME? | D12: =IF(increase=0,ROUND(C12*1,0),ROUND(C12+C12*(increase/100),0)) -> #NAME? | E12: =IF(D12>0,ROUND(D12*((rerun/100)+1)+(cont*365),0),ROUND(D12,0)) -> #NAME? | F12: =ABS(E12-D12) -> #NAME? | G12: 100 | H12: =ROUND((E12/G12+0.499999),0) -> #NAME? | I12: 6 | K12: =H12*J12 -> #NAME?
A13: 35000 | B13: IgE Reagent | C13: =sheet1 #REF! -> #NAME? | D13: =IF(increase=0,ROUND(C13*1,0),ROUND(C13+C13*(increase/100),0)) -> #NAME? | E13: =IF(D13>0,ROUND(D13*((rerun/100)+1)+(cont*365),0),ROUND(D13,0)) -> #NAME? | F13: =ABS(E13-D13) -> #NAME? | G13: 100 | H13: =ROUND((E13/G13+0.499999),0) -> #NAME? | I13: 6 | K13: =H13*J13 -> #NAME?
A14: 33510 | B14: hLH Reagent | C14: =sheet1 #REF! -> #NAME? | D14: =IF(increase=0,ROUND(C14*1,0),ROUND(C14+C14*(increase/100),0)) -> #NAME? | E14: =IF(D14>0,ROUND(D14*((rerun/100)+1)+(cont*365),0),ROUND(D14,0)) -> #NAME? | F14: =ABS(E14-D14) -> #NAME? | G14: 100 | H14: =ROUND((E14/G14+0.499999),0) -> #NAME? | I14: 6 | K14: =H14*J14 -> #NAME?
A15: 33520 | B15: FSH Reagent | C15: =sheet1 #REF! -> #NAME? | D15: =IF(increase=0,ROUND(C15*1,0),ROUND(C15+C15*(increase/100),0)) -> #NAME? | E15: =IF(D15>0,ROUND(D15*((rerun/100)+1)+(cont*365),0),ROUND(D15,0)) -> #NAME? | F15: =ABS(E15-D15) -> #NAME? | G15: 100 | H15: =ROUND((E15/G15+0.499999),0) -> #NAME? | I15: 6 | K15: =H15*J15 -> #NAME?
A16: 33540 | B16: (E2) Estradiol Reagent | C16: =sheet1 #REF! -> #NAME? | D16: =IF(increase=0,ROUND(C16*1,0),ROUND(C16+C16*(increase/100),0)) -> #NAME? | E16: =IF(D16>0,ROUND(D16*((rerun/100)+1)+(cont*365),0),ROUND(D16,0)) -> #NAME? | F16: =ABS(E16-D16) -> #NAME? | G16: 100 | H16: =ROUND((E16/G16+0.499999),0) -> #NAME? | I16: 6 | K16: =H16*J16 -> #NAME?
A17: A85264 | B17: Total B-hCG 5th IS WHO Reagent | C17: =sheet1 #REF! -> #NAME? | D17: =IF(increase=0,ROUND(C17*1,0),ROUND(C17+C17*(increase/100),0)) -> #NAME? | E17: =IF(D17>0,ROUND(D17*((rerun/100)+1)+(cont*365),0),ROUND(D17,0)) -> #NAME? | F17: =ABS(E17-D17) -> #NAME? | G17: 100 | H17: =ROUND((E17/G17+0.499999),0) -> #NAME? | I17: 6 | K17: =H17*J17 -> #NAME?
A18: 33530 | B18: Prolactin Reagent | C18: =sheet1 #REF! -> #NAME? | D18: =IF(increase=0,ROUND(C18*1,0),ROUND(C18+C18*(increase/100),0)) -> #NAME? | E18: =IF(D18>0,ROUND(D18*((rerun/100)+1)+(cont*365),0),ROUND(D18,0)) -> #NAME? | F18: =ABS(E18-D18) -> #NAME? | G18: 100 | H18: =ROUND((E18/G18+0.499999),0) -> #NAME? | I18: 6 | K18: =H18*J18 -> #NAME?
A19: 33560 | B19: Testosterone Reagent | C19: =sheet1 #REF! -> #NAME? | D19: =IF(increase=0,ROUND(C19*1,0),ROUND(C19+C19*(increase/100),0)) -> #NAME? | E19: =IF(D19>0,ROUND(D19*((rerun/100)+1)+(cont*365),0),ROUND(D19,0)) -> #NAME? | F19: =ABS(E19-D19) -> #NAME? | G19: 100 | H19: =ROUND((E19/G19+0.499999),0) -> #NAME? | I19: 6 | K19: =H19*J19 -> #NAME?
A20: 33550 | B20: Progesterone Reagent | C20: =sheet1 #REF! -> #NAME? | D20: =IF(increase=0,ROUND(C20*1,0),ROUND(C20+C20*(increase/100),0)) -> #NAME? | E20: =IF(D20>0,ROUND(D20*((rerun/100)+1)+(cont*365),0),ROUND(D20,0)) -> #NAME? | F20: =ABS(E20-D20) -> #NAME? | G20: 100 | H20: =ROUND((E20/G20+0.499999),0) -> #NAME? | I20: 6 | K20: =H20*J20 -> #NAME?
A21: 33570 | B21: Estriol Reagent | C21: =sheet1 #REF! -> #NAME? | D21: =IF(increase=0,ROUND(C21*1,0),ROUND(C21+C21*(increase/100),0)) -> #NAME? | E21: =IF(D21>0,ROUND(D21*((rerun/100)+1)+(cont*365),0),ROUND(D21,0)) -> #NAME? | F21: =ABS(E21-D21) -> #NAME? | G21: 100 | H21: =ROUND((E21/G21+0.499999),0) -> #NAME? | I21: 6 | K21: =H21*J21 -> #NAME?
A22: A10826 | B22: DHEAS Reagent | C22: =sheet1 #REF! -> #NAME? | D22: =IF(increase=0,ROUND(C22*1,0),ROUND(C22+C22*(increase/100),0)) -> #NAME? | E22: =IF(D22>0,ROUND(D22*((rerun/100)+1)+(cont*365),0),ROUND(D22,0)) -> #NAME? | F22: =ABS(E22-D22) -> #NAME? | G22: 100 | H22: =ROUND((E22/G22+0.499999),0) -> #NAME? | I22: 6 | K22: =H22*J22 -> #NAME?
A23: 33211 | B23: AFP reagent, 300 tests incl. Cal set | C23: =sheet1 #REF! -> #NAME? | D23: =IF(increase=0,ROUND(C23*1,0),ROUND(C23+C23*(increase/100),0)) -> #NAME? | E23: =IF(D23>0,ROUND(D23*((rerun/100)+1)+(cont*365),0),ROUND(D23,0)) -> #NAME? | F23: =ABS(E23-D23) -> #NAME? | G23: 300 | H23: =ROUND((E23/G23+0.499999),0) -> #NAME? | I23: 2 | K23: =H23*J23 -> #NAME?
A24: A48617 | B24: SHBG | C24: =sheet1 #REF! -> #NAME? | D24: =IF(increase=0,ROUND(C24*1,0),ROUND(C24+C24*(increase/100),0)) -> #NAME? | E24: =IF(D24>0,ROUND(D24*((rerun/100)+1)+(cont*365),0),ROUND(D24,0)) -> #NAME? | F24: =ABS(E24-D24) -> #NAME? | G24: 100 | H24: =ROUND((E24/G24+0.499999),0) -> #NAME? | I24: 6 | K24: =H24*J24 -> #NAME?
A25: A36097 | B25: Inhibin A Reagent | C25: =sheet1 #REF! -> #NAME? | D25: =IF(increase=0,ROUND(C25*1,0),ROUND(C25+C25*(increase/100),0)) -> #NAME? | E25: =IF(D25>0,ROUND(D25*((rerun/100)+1)+(cont*365),0),ROUND(D25,0)) -> #NAME? | F25: =ABS(E25-D25) -> #NAME? | G25: 100 | H25: =ROUND((E25/G25+0.499999),0) -> #NAME? | I25: 6 | K25: =H25*J25 -> #NAME?
A26: A48571 | B26: PAPP-A (removed from Access2) | C26: =sheet1 #REF! -> #NAME? | D26: =IF(increase=0,ROUND(C26*1,0),ROUND(C26+C26*(increase/100),0)) -> #NAME? | E26: =IF(D26>0,ROUND(D26*((rerun/100)+1)+(cont*365),0),ROUND(D26,0)) -> #NAME? | F26: =ABS(E26-D26) -> #NAME? | G26: 100 | H26: =ROUND((E26/G26+0.499999),0) -> #NAME? | I26: 6 | K26: =H26*J26 -> #NAME?
A27: A16364 | B27: EPO reagent | C27: =sheet1 #REF! -> #NAME? | D27: =IF(increase=0,ROUND(C27*1,0),ROUND(C27+C27*(increase/100),0)) -> #NAME? | E27: =IF(D27>0,ROUND(D27*((rerun/100)+1)+(cont*365),0),ROUND(D27,0)) -> #NAME? | F27: =ABS(E27-D27) -> #NAME? | G27: 100 | H27: =ROUND((E27/G27+0.499999),0) -> #NAME? | I27: 3 | K27: =H27*J27 -> #NAME?
A28: 387992 | B28: IF Ab Reagent | C28: =sheet1 #REF! -> #NAME? | D28: =IF(increase=0,ROUND(C28*1,0),ROUND(C28+C28*(increase/100),0)) -> #NAME? | E28: =IF(D28>0,ROUND(D28*((rerun/100)+1)+(cont*365),0),ROUND(D28,0)) -> #NAME? | F28: =ABS(E28-D28) -> #NAME? | G28: 100 | H28: =ROUND((E28/G28+0.499999),0) -> #NAME? | I28: 3 | K28: =H28*J28 -> #NAME?
A29: 33000 | B29: B12 Reagent | C29: =sheet1 #REF! -> #NAME? | D29: =IF(increase=0,ROUND(C29*1,0),ROUND(C29+C29*(increase/100),0)) -> #NAME? | E29: =IF(D29>0,ROUND(D29*((rerun/100)+1)+(cont*365),0),ROUND(D29,0)) -> #NAME? | F29: =ABS(E29-D29) -> #NAME? | G29: 100 | H29: =ROUND((E29/G29+0.499999),0) -> #NAME? | I29: 12 | K29: =H29*J29 -> #NAME?
A30: A98032 | B30: Folate Reagent | C30: =sheet1 #REF! -> #NAME? | D30: =IF(increase=0,ROUND(C30*1,0),ROUND(C30+C30*(increase/100),0)) -> #NAME? | E30: =IF(D30>0,ROUND(D30*((rerun/100)+1)+(cont*365),0),ROUND(D30,0)) -> #NAME? | F30: =ABS(E30-D30) -> #NAME? | G30: 100 | H30: =ROUND((E30/G30+0.499999),0) -> #NAME? | I30: 12 | K30: =H30*J30 -> #NAME?
A31: A32493 | B31: sTfR Reagent | C31: =sheet1 #REF! -> #NAME? | D31: =IF(increase=0,ROUND(C31*1,0),ROUND(C31+C31*(increase/100),0)) -> #NAME? | E31: =IF(D31>0,ROUND(D31*((rerun/100)+1)+(cont*365),0),ROUND(D31,0)) -> #NAME? | F31: =ABS(E31-D31) -> #NAME? | G31: 100 | H31: =ROUND((E31/G31+0.499999),0) -> #NAME? | I31: 12 | K31: =H31*J31 -> #NAME?
A32: 33020 | B32: Ferritin Reagent | C32: =sheet1 #REF! -> #NAME? | D32: =IF(increase=0,ROUND(C32*1,0),ROUND(C32+C32*(increase/100),0)) -> #NAME? | E32: =IF(D32>0,ROUND(D32*((rerun/100)+1)+(cont*365),0),ROUND(D32,0)) -> #NAME? | F32: =ABS(E32-D32) -> #NAME? | G32: 100 | H32: =ROUND((E32/G32+0.499999),0) -> #NAME? | I32: 6 | K32: =H32*J32 -> #NAME?
A33: 34430 | B33: Rubella IgG Reagent | C33: =sheet1 #REF! -> #NAME? | D33: =IF(increase=0,ROUND(C33*1,0),ROUND(C33+C33*(increase/100),0)) -> #NAME? | E33: =IF(D33>0,ROUND(D33*((rerun/100)+1)+(cont*365),0),ROUND(D33,0)) -> #NAME? | F33: =ABS(E33-D33) -> #NAME? | G33: 100 | H33: =ROUND((E33/G33+0.499999),0) -> #NAME? | I33: 6 | K33: =H33*J33 -> #NAME?
A34: A32937 | B34: Rubella IgM Reagent | C34: =sheet1 #REF! -> #NAME? | D34: =IF(increase=0,ROUND(C34*1,0),ROUND(C34+C34*(increase/100),0)) -> #NAME? | E34: =IF(D34>0,ROUND(D34*((rerun/100)+1)+(cont*365),0),ROUND(D34,0)) -> #NAME? | F34: =ABS(E34-D34) -> #NAME? | G34: 100 | H34: =ROUND((E34/G34+0.499999),0) -> #NAME? | I34: 6 | K34: =H34*J34 -> #NAME?
A35: A40702 | B35: CMV IgG | C35: =sheet1 #REF! -> #NAME? | D35: =IF(increase=0,ROUND(C35*1,0),ROUND(C35+C35*(increase/100),0)) -> #NAME? | E35: =IF(D35>0,ROUND(D35*((rerun/100)+1)+(cont*365),0),ROUND(D35,0)) -> #NAME? | F35: =ABS(E35-D35) -> #NAME? | G35: 100 | H35: =ROUND((E35/G35+0.499999),0) -> #NAME? | I35: 6 | K35: =H35*J35 -> #NAME?
A36: A40705 | B36: CMV IgM | C36: =sheet1 #REF! -> #NAME? | D36: =IF(increase=0,ROUND(C36*1,0),ROUND(C36+C36*(increase/100),0)) -> #NAME? | E36: =IF(D36>0,ROUND(D36*((rerun/100)+1)+(cont*365),0),ROUND(D36,0)) -> #NAME? | F36: =ABS(E36-D36) -> #NAME? | G36: 100 | H36: =ROUND((E36/G36+0.499999),0) -> #NAME? | I36: 6 | K36: =H36*J36 -> #NAME?
A37: A31588 | B37: Toxo IgG Reagent | C37: =sheet1 #REF! -> #NAME? | D37: =IF(increase=0,ROUND(C37*1,0),ROUND(C37+C37*(increase/100),0)) -> #NAME? | E37: =IF(D37>0,ROUND(D37*((rerun/100)+1)+(cont*365),0),ROUND(D37,0)) -> #NAME? | F37: =ABS(E37-D37) -> #NAME? | G37: 100 | H37: =ROUND((E37/G37+0.499999),0) -> #NAME? | I37: 6 | K37: =H37*J37 -> #NAME?
A38: 34470 | B38: Toxo IgM Reagent | C38: =sheet1 #REF! -> #NAME? | D38: =IF(increase=0,ROUND(C38*1,0),ROUND(C38+C38*(increase/100),0)) -> #NAME? | E38: =IF(D38>0,ROUND(D38*((rerun/100)+1)+(cont*365),0),ROUND(D38,0)) -> #NAME? | F38: =ABS(E38-D38) -> #NAME? | G38: 100 | H38: =ROUND((E38/G38+0.499999),0) -> #NAME? | I38: 6 | K38: =H38*J38 -> #NAME?
A39: 33210 | B39: AFP Reagent | C39: =sheet1 #REF! -> #NAME? | D39: =IF(increase=0,ROUND(C39*1,0),ROUND(C39+C39*(increase/100),0)) -> #NAME? | E39: =IF(D39>0,ROUND(D39*((rerun/100)+1)+(cont*365),0),ROUND(D39,0)) -> #NAME? | F39: =ABS(E39-D39) -> #NAME? | G39: 100 | H39: =ROUND((E39/G39+0.499999),0) -> #NAME? | I39: 6 | K39: =H39*J39 -> #NAME?
A40: 386357 | B40: OV monitor Reagent (CA 125 Ag) | C40: =sheet1 #REF! -> #NAME? | D40: =IF(increase=0,ROUND(C40*1,0),ROUND(C40+C40*(increase/100),0)) -> #NAME? | E40: =IF(D40>0,ROUND(D40*((rerun/100)+1)+(cont*365),0),ROUND(D40,0)) -> #NAME? | F40: =ABS(E40-D40) -> #NAME? | G40: 100 | H40: =ROUND((E40/G40+0.499999),0) -> #NAME? | I40: 6 | K40: =H40*J40 -> #NAME?
A41: 387687 | B41: GI monitor Reagent (CA 19.9 Ag) | C41: =sheet1 #REF! -> #NAME? | D41: =IF(increase=0,ROUND(C41*1,0),ROUND(C41+C41*(increase/100),0)) -> #NAME? | E41: =IF(D41>0,ROUND(D41*((rerun/100)+1)+(cont*365),0),ROUND(D41,0)) -> #NAME? | F41: =ABS(E41-D41) -> #NAME? | G41: 100 | H41: =ROUND((E41/G41+0.499999),0) -> #NAME? | I41: 3 | K41: =H41*J41 -> #NAME?
A42: 387620 | B42: BR monitor Reagent (CA 15.3 Ag) | C42: =sheet1 #REF! -> #NAME? | D42: =IF(increase=0,ROUND(C42*1,0),ROUND(C42+C42*(increase/100),0)) -> #NAME? | E42: =IF(D42>0,ROUND(D42*((rerun/100)+1)+(cont*365),0),ROUND(D42,0)) -> #NAME? | F42: =ABS(E42-D42) -> #NAME? | G42: 100 | H42: =ROUND((E42/G42+0.499999),0) -> #NAME? | I42: 3 | K42: =H42*J42 -> #NAME?
A43: 37200 | B43: PSA Hybritech Reagent | C43: =sheet1 #REF! -> #NAME? | D43: =IF(increase=0,ROUND(C43*1,0),ROUND(C43+C43*(increase/100),0)) -> #NAME? | E43: =IF(D43>0,ROUND(D43*((rerun/100)+1)+(cont*365),0),ROUND(D43,0)) -> #NAME? | F43: =ABS(E43-D43) -> #NAME? | G43: 100 | H43: =ROUND((E43/G43+0.499999),0) -> #NAME? | I43: 6 | K43: =H43*J43 -> #NAME?
A44: 37210 | B44: fPSA Hybritech Reagent | C44: =sheet1 #REF! -> #NAME? | D44: =IF(increase=0,ROUND(C44*1,0),ROUND(C44+C44*(increase/100),0)) -> #NAME? | E44: =IF(D44>0,ROUND(D44*((rerun/100)+1)+(cont*365),0),ROUND(D44,0)) -> #NAME? | F44: =ABS(E44-D44) -> #NAME? | G44: 100 | H44: =ROUND((E44/G44+0.499999),0) -> #NAME? | I44: 6 | K44: =H44*J44 -> #NAME?
A45: A49752 | B45: 2pPSA | C45: =sheet1 #REF! -> #NAME? | D45: =IF(increase=0,ROUND(C45*1,0),ROUND(C45+C45*(increase/100),0)) -> #NAME? | E45: =IF(D45>0,ROUND(D45*((rerun/100)+1)+(cont*365),0),ROUND(D45,0)) -> #NAME? | F45: =ABS(E45-D45) -> #NAME? | G45: 100 | H45: =ROUND((E45/G45+0.499999),0) -> #NAME? | I45: 6 | K45: =H45*J45 -> #NAME?
A46: 33200 | B46: CEA Reagent | C46: =sheet1 #REF! -> #NAME? | D46: =IF(increase=0,ROUND(C46*1,0),ROUND(C46+C46*(increase/100),0)) -> #NAME? | E46: =IF(D46>0,ROUND(D46*((rerun/100)+1)+(cont*365),0),ROUND(D46,0)) -> #NAME? | F46: =ABS(E46-D46) -> #NAME? | G46: 100 | H46: =ROUND((E46/G46+0.499999),0) -> #NAME? | I46: 6 | K46: =H46*J46 -> #NAME?
A47: A16369 | B47: IL-6 Reagent | C47: =sheet1 #REF! -> #NAME? | D47: =IF(increase=0,ROUND(C47*1,0),ROUND(C47+C47*(increase/100),0)) -> #NAME? | E47: =IF(D47>0,ROUND(D47*((rerun/100)+1)+(cont*365),0),ROUND(D47,0)) -> #NAME? | F47: =ABS(E47-D47) -> #NAME? | G47: 100 | H47: =ROUND((E47/G47+0.499999),0) -> #NAME? | I47: 6 | K47: =H47*J47 -> #NAME?
A48: 37300 | B48: Ostase Reagent | C48: =sheet1 #REF! -> #NAME? | D48: =IF(increase=0,ROUND(C48*1,0),ROUND(C48+C48*(increase/100),0)) -> #NAME? | E48: =IF(D48>0,ROUND(D48*((rerun/100)+1)+(cont*365),0),ROUND(D48,0)) -> #NAME? | F48: =ABS(E48-D48) -> #NAME? | G48: 100 | H48: =ROUND((E48/G48+0.499999),0) -> #NAME? | I48: 6 | K48: =H48*J48 -> #NAME?
A49: A16972 | B49: ipTH Reagent | C49: =sheet1 #REF! -> #NAME? | D49: =IF(increase=0,ROUND(C49*1,0),ROUND(C49+C49*(increase/100),0)) -> #NAME? | E49: =IF(D49>0,ROUND(D49*((rerun/100)+1)+(cont*365),0),ROUND(D49,0)) -> #NAME? | F49: =ABS(E49-D49) -> #NAME? | G49: 100 | H49: =ROUND((E49/G49+0.499999),0) -> #NAME? | I49: 6 | K49: =H49*J49 -> #NAME?
A50: 33580 | B50: hGH Reagent | C50: =sheet1 #REF! -> #NAME? | D50: =IF(increase=0,ROUND(C50*1,0),ROUND(C50+C50*(increase/100),0)) -> #NAME? | E50: =IF(D50>0,ROUND(D50*((rerun/100)+1)+(cont*365),0),ROUND(D50,0)) -> #NAME? | F50: =ABS(E50-D50) -> #NAME? | G50: 100 | H50: =ROUND((E50/G50+0.499999),0) -> #NAME? | I50: 6 | K50: =H50*J50 -> #NAME?
A51: B24838 | B51: 25(OH) Vitamin D Reagent | C51: =sheet1 #REF! -> #NAME? | D51: =IF(increase=0,ROUND(C51*1,0),ROUND(C51+C51*(increase/100),0)) -> #NAME? | E51: 0 | F51: =ABS(E51-D51) -> #NAME? | G51: 100 | H51: =ROUND((E51/G51+0.499999),0) -> 0 | I51: 6 | K51: =H51*J51 -> 0
A52: 33410 | B52: Insulin Reagent | C52: =sheet1 #REF! -> #NAME? | D52: =IF(increase=0,ROUND(C52*1,0),ROUND(C52+C52*(increase/100),0)) -> #NAME? | E52: =IF(D52>0,ROUND(D52*((rerun/100)+1)+(cont*365),0),ROUND(D52,0)) -> #NAME? | F52: =ABS(E52-D52) -> #NAME? | G52: 100 | H52: =ROUND((E52/G52+0.499999),0) -> #NAME? | I52: 6 | K52: =H52*J52 -> #NAME?
A53: 33600 | B53: Cortisol Reagent | C53: =sheet1 #REF! -> #NAME? | D53: =IF(increase=0,ROUND(C53*1,0),ROUND(C53+C53*(increase/100),0)) -> #NAME? | E53: =IF(D53>0,ROUND(D53*((rerun/100)+1)+(cont*365),0),ROUND(D53,0)) -> #NAME? | F53: =ABS(E53-D53) -> #NAME? | G53: 100 | H53: =ROUND((E53/G53+0.499999),0) -> #NAME? | I53: 12 | K53: =H53*J53 -> #NAME?
A54: 386371 | B54: CK-MB Reagent | C54: =sheet1 #REF! -> #NAME? | D54: =IF(increase=0,ROUND(C54*1,0),ROUND(C54+C54*(increase/100),0)) -> #NAME? | E54: =IF(D54>0,ROUND(D54*((rerun/100)+1)+(cont*365),0),ROUND(D54,0)) -> #NAME? | F54: =ABS(E54-D54) -> #NAME? | G54: 100 | H54: =ROUND((E54/G54+0.499999),0) -> #NAME? | I54: 3 | K54: =H54*J54 -> #NAME?
A55: 973243 | B55: Myoglobin Reagent | C55: =sheet1 #REF! -> #NAME? | D55: =IF(increase=0,ROUND(C55*1,0),ROUND(C55+C55*(increase/100),0)) -> #NAME? | E55: =IF(D55>0,ROUND(D55*((rerun/100)+1)+(cont*365),0),ROUND(D55,0)) -> #NAME? | F55: =ABS(E55-D55) -> #NAME? | G55: 100 | H55: =ROUND((E55/G55+0.499999),0) -> #NAME? | I55: 3 | K55: =H55*J55 -> #NAME?
A56: A98143 | B56: AccuTnI+3 Reagent | C56: =sheet1 #REF! -> #NAME? | D56: =IF(increase=0,ROUND(C56*1,0),ROUND(C56+C56*(increase/100),0)) -> #NAME? | E56: =IF(D56>0,ROUND(D56*((rerun/100)+1)+(cont*365),0),ROUND(D56,0)) -> #NAME? | F56: =ABS(E56-D56) -> #NAME? | G56: 100 | H56: =ROUND((E56/G56+0.499999),0) -> #NAME? | I56: 3 | K56: =H56*J56 -> #NAME?
A57: 33710 | B57: Digoxin Reagent | C57: =sheet1 #REF! -> #NAME? | D57: =IF(increase=0,ROUND(C57*1,0),ROUND(C57+C57*(increase/100),0)) -> #NAME? | E57: =IF(D57>0,ROUND(D57*((rerun/100)+1)+(cont*365),0),ROUND(D57,0)) -> #NAME? | F57: =ABS(E57-D57) -> #NAME? | G57: 100 | H57: =ROUND((E57/G57+0.499999),0) -> #NAME? | I57: 12 | K57: =H57*J57 -> #NAME?
A58: 34200 | B58: HAV Ab Reagent | C58: =sheet1 #REF! -> #NAME? | D58: =IF(increase=0,ROUND(C58*1,0),ROUND(C58+C58*(increase/100),0)) -> #NAME? | E58: =IF(D58>0,ROUND(D58*((rerun/100)+1)+(cont*365),0),ROUND(D58,0)) -> #NAME? | F58: =ABS(E58-D58) -> #NAME? | G58: 100 | H58: =ROUND((E58/G58+0.499999),0) -> #NAME? | I58: 6 | K58: =H58*J58 -> #NAME?
A59: 34210 | B59: HAV IgM Reagent | C59: =sheet1 #REF! -> #NAME? | D59: =IF(increase=0,ROUND(C59*1,0),ROUND(C59+C59*(increase/100),0)) -> #NAME? | E59: =IF(D59>0,ROUND(D59*((rerun/100)+1)+(cont*365),0),ROUND(D59,0)) -> #NAME? | F59: =ABS(E59-D59) -> #NAME? | G59: 100 | H59: =ROUND((E59/G59+0.499999),0) -> #NAME? | I59: 6 | K59: =H59*J59 -> #NAME?
A60: A24296 | B60: HBsAb Reagent | C60: =sheet1 #REF! -> #NAME? | D60: =IF(increase=0,ROUND(C60*1,0),ROUND(C60+C60*(increase/100),0)) -> #NAME? | E60: =IF(D60>0,ROUND(D60*((rerun/100)+1)+(cont*365),0),ROUND(D60,0)) -> #NAME? | F60: =ABS(E60-D60) -> #NAME? | G60: 100 | H60: =ROUND((E60/G60+0.499999),0) -> #NAME? | I60: 6 | K60: =H60*J60 -> #NAME?
A61: A24291 | B61: HBsAg Reagent | C61: =sheet1 #REF! -> #NAME? | D61: =IF(increase=0,ROUND(C61*1,0),ROUND(C61+C61*(increase/100),0)) -> #NAME? | E61: =IF(D61>0,ROUND(D61*((rerun/100)+1)+(cont*365),0),ROUND(D61,0)) -> #NAME? | F61: =ABS(E61-D61) -> #NAME? | G61: 100 | H61: =ROUND((E61/G61+0.499999),0) -> #NAME? | I61: 6 | K61: =H61*J61 -> #NAME?
A62: A24295 | B62: HBsAg confirmatory Reagent | C62: =sheet1 #REF! -> #NAME? | D62: =IF(increase=0,ROUND(C62*1,0),ROUND(C62+C62*(increase/100),0)) -> #NAME? | E62: =IF(D62>0,ROUND(D62*((rerun/100)+1)+(cont*365),0),ROUND(D62,0)) -> #NAME? | F62: =ABS(E62-D62) -> #NAME? | G62: 100 | H62: =ROUND((E62/G62+0.499999),0) -> #NAME? | I62: 6 | K62: =H62*J62 -> #NAME?
A63: 34240 | B63: HBcAb Reagent | C63: =sheet1 #REF! -> #NAME? | D63: =IF(increase=0,ROUND(C63*1,0),ROUND(C63+C63*(increase/100),0)) -> #NAME? | E63: =IF(D63>0,ROUND(D63*((rerun/100)+1)+(cont*365),0),ROUND(D63,0)) -> #NAME? | F63: =ABS(E63-D63) -> #NAME? | G63: 100 | H63: =ROUND((E63/G63+0.499999),0) -> #NAME? | I63: 6 | K63: =H63*J63 -> #NAME?
A64: 34250 | B64: HBc-IgM Reagent | C64: =sheet1 #REF! -> #NAME? | D64: =IF(increase=0,ROUND(C64*1,0),ROUND(C64+C64*(increase/100),0)) -> #NAME? | E64: =IF(D64>0,ROUND(D64*((rerun/100)+1)+(cont*365),0),ROUND(D64,0)) -> #NAME? | F64: =ABS(E64-D64) -> #NAME? | G64: 100 | H64: =ROUND((E64/G64+0.499999),0) -> #NAME? | I64: 6 | K64: =H64*J64 -> #NAME?
A65: A59428 | B65: HIV Combo Reagent (BIORAD) | C65: =sheet1 #REF! -> #NAME? | D65: =IF(increase=0,ROUND(C65*1,0),ROUND(C65+C65*(increase/100),0)) -> #NAME? | E65: =IF(D65>0,ROUND(D65*((rerun/100)+1)+(cont*365),0),ROUND(D65,0)) -> #NAME? | F65: =ABS(E65-D65) -> #NAME? | G65: 100 | H65: =ROUND((E65/G65+0.499999),0) -> #NAME? | I65: 6 | K65: See Biorad
A66: 34330 | B66: HCV plus Reagent (BIORAD) | C66: =sheet1 #REF! -> #NAME? | D66: =IF(increase=0,ROUND(C66*1,0),ROUND(C66+C66*(increase/100),0)) -> #NAME? | E66: =IF(D66>0,ROUND(D66*((rerun/100)+1)+(cont*365),0),ROUND(D66,0)) -> #NAME? | F66: =ABS(E66-D66) -> #NAME? | G66: 100 | H66: =ROUND((E66/G66+0.499999),0) -> #NAME? | I66: 6 | K66: See Biorad
A67: Total parameters | B67: Total tests | C67: =sheet1 #REF! -> #NAME? | D67: =SUM(D4:D66) -> #NAME? | E67: =SUM(E4:E66) -> #NAME? | F67: =SUM(F4:F66) -> #NAME? | G67: 0 | H67: =SUM(H4:H66) -> #NAME?
B68: Total tests price | K68: =SUM(K4:K66) -> #NAME?
B69: Calibrators and Consumables
A70: 33825 | B70: TSH (3rd Gen.) Calibrator Set, 4 ml / vial | H70: =IF(D4<>0,I71,0) -> #NAME? | I70: 2 | K70: =+IF(H70=0,H70*J70,IF(H70>I70,H70*J70,I70*J70)) -> #NAME?
A71: 33805 | B71: Total T4 Calibrator Set, 4 ml / vial | H71: =IF(D5<>0,I71,0) -> #NAME? | I71: 2 | K71: =+IF(H71=0,H71*J71,IF(H71>I71,H71*J71,I71*J71)) -> #NAME?
A72: 33835 | B72: Total T3 Calibrator Set, 4 ml / vial | H72: =IF(D6<>0,I72,0) -> #NAME? | I72: 3 | K72: =+IF(H72=0,H72*J72,IF(H72>I72,H72*J72,I72*J72)) -> #NAME?
A73: 33815 | B73: T-Uptake Calibrator 6x 1 level, 1 ml / vial | H73: =IF(D7<>0,I73,0) -> #NAME? | I73: 5 | K73: =+IF(H73=0,H73*J73,IF(H73>I73,H73*J73,I73*J73)) -> #NAME?
A74: 33885 | B74: Free T4 Calibrator Set, 2.5 ml / vial | H74: =IF(D8<>0,I74,0) -> #NAME? | I74: 3 | K74: =+IF(H74=0,H74*J74,IF(H74>I74,H74*J74,I74*J74)) -> #NAME?
A75: A13430 | B75: Free T3 Calibrator Set, 2.5 ml / vial | H75: =IF(D9<>0,I75,0) -> #NAME? | I75: 3 | K75: =+IF(H75=0,H75*J75,IF(H75>I75,H75*J75,I75*J75)) -> #NAME?
A76: 33865 | B76: Thyroglobulin Calibrator Set, 2 ml / vial | H76: =IF(D10<>0,I76,0) -> #NAME? | I76: 2 | K76: =+IF(H76=0,H76*J76,IF(H76>I76,H76*J76,I76*J76)) -> #NAME?
A77: 33866 | B77: Thyroglobulin diluent 14 ml/vial | H77: =IF(D10<>0,I77,0) -> #NAME? | I77: 1 | K77: =+IF(H77=0,H77*J77,IF(H77>I77,H77*J77,I77*J77)) -> #NAME?
A78: A36920 | B78: Anti-Thyroglobulin II Calibr.Set 2.5 ml /vial, S0 4 ml | H78: =IF(D11<>0,I78,0) -> #NAME? | I78: 2 | K78: =+IF(H78=0,H78*J78,IF(H78>I78,H78*J78,I78*J78)) -> #NAME?
A79: A18227 | B79: TPO Ab calibrator set S0 - S5, 2 ml / vial | H79: =IF(D12<>0,I79,0) -> #NAME? | I79: 2 | K79: =+IF(H79=0,H79*J79,IF(H79>I79,H79*J79,I79*J79)) -> #NAME?
A80: 35005 | B80: IgE Calibrator Set (7), 4 ml / vial, S0 6 ml | H80: =IF(D13<>0,I80,0) -> #NAME? | I80: 2 | K80: =+IF(H80=0,H80*J80,IF(H80>I80,H80*J80,I80*J80)) -> #NAME?
A81: 35006 | B81: IgE diluent, 4 ml/vial | H81: =IF(D13<>0,I81,0) -> #NAME? | I81: 1 | K81: =+IF(H81=0,H81*J81,IF(H81>I81,H81*J81,I81*J81)) -> #NAME?
A82: 33515 | B82: LH Calibrator Set, 4 ml / vial | H82: =IF(D14<>0,I82,0) -> #NAME? | I82: 2 | K82: =+IF(H82=0,H82*J82,IF(H82>I82,H82*J82,I82*J82)) -> #NAME?
A83: 33525 | B83: FSH Calibrator Set, 4 ml / vial | H83: =IF(D15<>0,I83,0) -> #NAME? | I83: 2 | K83: =+IF(H83=0,H83*J83,IF(H83>I83,H83*J83,I83*J83)) -> #NAME?
A84: 33545 | B84: (E2) Estradiol Calibrator Set, 2.5 ml/vial, S0 4 ml | H84: =IF(D16<>0,I84,0) -> #NAME? | I84: 5 | K84: =+IF(H84=0,H84*J84,IF(H84>I84,H84*J84,I84*J84)) -> #NAME?
A85: B11754 | B85: Total B-hCG 5th IS WHO Calibrator Set, 4 ml / vial | H85: =IF(D17<>0,I85,0) -> #NAME? | I85: 2 | K85: =+IF(H85=0,H85*J85,IF(H85>I85,H85*J85,I85*J85)) -> #NAME?
A86: 33535 | B86: Prolactin Calibrator Set, 2.5 ml / vial | H86: =IF(D18<>0,I86,0) -> #NAME? | I86: 3 | K86: =+IF(H86=0,H86*J86,IF(H86>I86,H86*J86,I86*J86)) -> #NAME?
A87: 33565 | B87: Testosterone Calibrator Set, 2.5 ml / vial | H87: =IF(D19<>0,I87,0) -> #NAME? | I87: 5 | K87: =+IF(H87=0,H87*J87,IF(H87>I87,H87*J87,I87*J87)) -> #NAME?
A88: 33555 | B88: Progesterone Calibrator Set, 2.5 ml / vial | H88: =IF(D20<>0,I88,0) -> #NAME? | I88: 3 | K88: =+IF(H88=0,H88*J88,IF(H88>I88,H88*J88,I88*J88)) -> #NAME?
A89: 33556 | B89: Progesterone diluent, 4 ml/vial | H89: =IF(D20<>0,I89,0) -> #NAME? | I89: 2 | K89: =+IF(H89=0,H89*J89,IF(H89>I89,H89*J89,I89*J89)) -> #NAME?
A90: 33575 | B90: Estriol Calibrator Set (7), 2.5 ml/vial, S0 4 ml | H90: =IF(D21<>0,I90,0) -> #NAME? | I90: 3 | K90: =+IF(H90=0,H90*J90,IF(H90>I90,H90*J90,I90*J90)) -> #NAME?
A91: A10827 | B91: DHEAS, Calibrator Set, 2 ml / vial | H91: =IF(D22<>0,I91,0) -> #NAME? | I91: 3 | K91: =+IF(H91=0,H91*J91,IF(H91>I91,H91*J91,I91*J91)) -> #NAME?
A92: A48618 | B92: SHBG Calibrator 1 X 1.0 ml/vial, 6x | H92: =IF(D24<>0,I92,0) -> #NAME? | I92: 2 | K92: =+IF(H92=0,H92*J92,IF(H92>I92,H92*J92,I92*J92)) -> #NAME?
A93: A48619 | B93: SHBG QC 3 levels 2 X 2 ml/vial | H93: =IF(D24<>0,I93,0) -> #NAME? | I93: 4 | K93: =+IF(H93=0,H93*J93,IF(H93>I93,H93*J93,I93*J93)) -> #NAME?
A94: A36098 | B94: Inhibin A Calibrator set, 2.5 ml/vial | H94: =IF(D25<>0,I94,0) -> #NAME? | I94: 3 | K94: =+IF(H94=0,H94*J94,IF(H94>I94,H94*J94,I94*J94)) -> #NAME?
A95: A36100 | B95: Inhibin A QC, 3 levels, 2 vials/level, 2.5 ml/vial | H95: =IF(D25<>0,I95,0) -> #NAME? | I95: 3 | K95: =+IF(H95=0,H95*J95,IF(H95>I95,H95*J95,I95*J95)) -> #NAME?
A96: A48572 | B96: PAPP-A calibrator 6 x 4 ml/vial (removed from Access2) | H96: =IF(D26<>0,I96,0) -> #NAME? | I96: 3 | K96: =+IF(H96=0,H96*J96,IF(H96>I96,H96*J96,I96*J96)) -> #NAME?
A97: A48573 | B97: PAPP-A QC 3 level 2 x 2.5 ml/vial (removed from Access2) | H97: =IF(D26<>0,I97,0) -> #NAME? | I97: 4 | K97: =+IF(H97=0,H97*J97,IF(H97>I97,H97*J97,I97*J97)) -> #NAME?
A98: A16365 | B98: EPO calibrator Set 2.5 ml / vial, S0 10 ml / vial | H98: =IF(D27<>0,I98,0) -> #NAME? | I98: 3 | K98: =+IF(H98=0,H98*J98,IF(H98>I98,H98*J98,I98*J98)) -> #NAME?
A99: 387993 | B99: IF Ab Calibrator S0, 2 x 4 ml / vial | H99: =IF(D28<>0,I99,0) -> #NAME? | I99: 3 | K99: =+IF(H99=0,H99*J99,IF(H99>I99,H99*J99,I99*J99)) -> #NAME?
A100: 387999 | B100: IF Ab Control , 2 levels 3x 4 ml / vial | H100: =IF(D28<>0,I100,0) -> #NAME? | I100: 2 | K100: =+IF(H100=0,H100*J100,IF(H100>I100,H100*J100,I100*J100)) -> #NAME?
...

Sheet Sheet4
A1: Access2 | C1: Assuming one year = 7 days per week and 52 weeks per year = 365 days
A3: Cycle | B3: RV's | C3: RV / year | D3: Substrate | E3: Substrate / year | F3: Wash Buffer | G3: Buffer / year | H3: Waste Bag | I3: Bags / year
A4: Substrate Prime (1 cycle) | B4: 1 | C4: 365 | D4: 1.3 ml | E4: 475 ml | F4: 2 ml | G4: 730 ml | H4: 2 | I4: 2
A5: Main Pipettor Prime (1 cycle) | B5: 0 | C5: 0 | D5: 0 | E5: 0 | F5: 9.6 ml | G5: 3504 ml | H5: 0 | I5: 0
A6: Dispense Probes | B6: 3 | C6: 1095 | D6: 0 | E6: 0 | F6: 1.5 ml | G6: 548 ml | H6: 4 | I6: 4
A7: *Special Clean | B7: 3 | C7: 1095 | D7: 0 | E7: 0 | F7: 120 ml | G7: 6240 ml | H7: 4 | I7: 4
A8: Daily Clean Probes | D8: 0 | E8: 0 | F8: 60 ml | G8: 21900ml
A9: **System Check | B9: 35 | C9: 1820 | D9: 7 ml | E9: 364 ml | F9: 154 ml | G9: 8008 ml | H9: 6 | I9: 6
A10: Utility assay (4 hourly wake-up if "on") | B10: 3 | C10: 1095 | D10: 0.6 ml | E10: 1314 ml | F10: 15 ml | G10: 32850ml | H10: 4 | I10: 4
A11: ***Utility assay (as end of run) | B11: 3 | C11: 1095 | D11: 0.2 ml | E11: 156 ml | F11: 5.4 ml | G11: 3942 ml | H11: 4 | I11: 4
A12: One step assay (average) | B12: 1 or 2 | D12: 0.2 ml (1 test) | F12: 7.4ml | H12: 1 or 2
A13: Two step assay (average) | B13: 1 or 2 | D13: 0.2 ml (1 test) | F13: 14.8 ml | H13: 1 or 2
B14: Total | C14: =SUM(C4:C11) -> 6565 | E14: 2310 | G14: 77722 | I14: =SUM(I4:I11) -> 24
B15: Units | C15: =SUM(C14/1568) -> 4.1868622 | E15: =SUM((E14/0.2)/2400) -> 4.8125 | G15: =SUM(G14/8000) -> 9.71525 | I15: =SUM(I14/20) -> 1.2
A16: Red Font Not included (optional) | C16: P/N 81901 | E16: P/N 81906 | G16: P/N A16792 | I16: P/N 81904
A18: *Assumes daily special clean (B12)
A19: **Assumes on average 1 system checks passed per week - Wash buffer guesstimate as no spec yet defined
A20: *** Utility Assay - Wash buffer guesstimate as no spec yet defined

Sheet Sheet5
B2: Calculation for one year assuming testing for 7 days a week 52 weeks a year plus totals per calculation base sheet
B3: Instructions:
B4: Fill in the number of different assays being run in cell C9 (e.g. TSH, FT4, Vitamin B12, Folate, Ferritin, LH, FSH = 7).
B5: Fill in the total number of tests (patient tests) per year in cell C10. The sheet will automatically calculate the consumables required.
B6: Patient Tests, Calibration and Maintenance : consumables included to run all patient tests, calibrations and maintenance
B7: Total : Patient Tests, Calibrations, Maintenance and daily tri-level QC for all parameters, i.e. consumables for total tests
B9: Number of different assays : | C9: =Sheet3!A68 -> 0
B10: Total Number of tests : | C10: =sheet1 #REF! -> #NAME?
A12: p/n | B12: Consumable description & packaging | C12: Patient tests, Calibration & Maintenance ONLY | D12: Additional needed for daily QC - tri-level per assay | E12: Total: Patient Tests, Calibrations, Maintenance, & Daily QC
A14: 81904 | B14: Waste Bags (20x) 20 x 300 = 6000 tests | C14: =ROUNDUP((((C10/6000)+(216*C9)/6000)+1.2),0) -> #NAME? | D14: =ROUNDUP(((C9*1560)/6000),0) -> 0 | E14: =SUM(C14+D14) -> #NAME? | G14: v
A15: 81906 | B15: Substrate (4 x 130ml) 4 x 600 = 2400 tests | C15: =ROUNDUP((((C10/2400)+(144*C9)/2400)+4.8),0) -> #NAME? | D15: =ROUNDUP(((C9*780)/2400),0) -> 0 | E15: =SUM(C15+D15) -> #NAME? | G15: v
A16: A16792 | B16: Wash Buffer (4x 2l) 4 x166 = ~600 tests | C16: =ROUNDUP((((C10/600)+(144*C9)/600)+9.7),0) -> #NAME? | D16: =ROUNDUP(((C9*780)/1000),0) -> 0 | E16: =SUM(C16+D16) -> #NAME? | G16: v
A17: 81901 | B17: Reaction Vessels (16 x 98) = 1568 tests | C17: =ROUNDUP((((C10*2/1568)+(216*C9)/1568)+4.2),0) -> #NAME? | D17: =ROUNDUP(((C9*1560)/10080),0) -> 0 | E17: =SUM(C17+D17) -> #NAME? | G17: v
A18: 81902 | B18: Sample cups 2 ml, 1000x = 1000 tests | C18: =ROUNDUP(((72*C9/1000)+1.8),0) -> 2 | D18: 2 | E18: =SUM(C18+D18) -> 4 | G18: v
A20: 81911 | B20: Contrad 70, 1 l | C20: 1 | E20: 1 | G20: v
A21: 81912 | B21: Citranox , 1 gallon | C21: 1 | E21: 1 | G21: v
A23: 81910 | B23: System Check Solution, 6 x 4 ml | C23: 4 | E23: 4 | G23: v

Sheet Sheet2
C4: metoda kalkulacji liczby
C5: opak. odczynników
C7: ilość
C8: stabilność

Sheet Sheet7
C3: Stabilność kalibracji | D3: Ilość testów na jedna kalibrację | E3: Sample Pickup (ul) | G3: Ilość testów na kalibracje/rok | H3: Zawartość opakowania | I3: Objętość na rok (ml) | J3: ilość opakowań kalibratora/rok
G4: 365 | I4: 1000
B6: amh | C6: 31 | D6: 14 | E6: 20 | G6: =$G$4/C6*D6 -> 164.83871 | H6: 6 @ 1 x 2 mL | I6: =G6*E6/$I$4 -> 3.2967742 | J6: =I6/2 -> 1.6483871
B7: kortyzol | C7: 28 | D7: 12 | E7: 25 | G7: =$G$4/C7*D7 -> 156.42857 | H7: 6 @ 1 x 4 mL | I7: =G7*E7/$I$4 -> 3.9107143 | J7: =I7/4 -> 0.97767857
B8: IgE | C8: 28 | D8: 14 | E8: 10 | G8: =$G$4/C8*D8 -> 182.5 | H8: S0 @ 1 x 6 mL S1 - S6 @ 1 x 4 mL | I8: =G8*E8/$I$4 -> 1.825 | J8: =I8/4 -> 0.45625
B9: Erytropoetyna | C9: 28 | D9: 12 | E9: 85 | G9: =$G$4/C9*D9 -> 156.42857 | H9: S0 @ 1 x 10 mL S1-S5 @ 1 x 2.5 mL | I9: =G9*E9/$I$4 -> 13.296429 | J9: =I9/2.5 -> 5.3185714
G10: =$G$4/C10*D10 -> #DIV/0! | I10: =G10*E10/$I$4 -> #DIV/0! | J10: =I10/4 -> #DIV/0!
G11: =$G$4/C11*D11 -> #DIV/0! | I11: =G11*E11/$I$4 -> #DIV/0! | J11: =I11/4 -> #DIV/0!
G12: =$G$4/C12*D12 -> #DIV/0! | I12: =G12*E12/$I$4 -> #DIV/0! | J12: =I12/4 -> #DIV/0!
G14: 365
C16: Stabilność kalibracji | D16: stab kalibratora | G16: ilość opakowań kalibratora/rok
B17: amh | C17: 31 | D17: 90 | E17: =ROUNDUP((D17/C17),0) -> 3 | F17: =E17*C17 -> 93 | G17: =G14/F17 -> 3.9247312
B18: kortyzol | C18: 28 | D18: do daty ważn | G18: 1
B19: IgE | C19: 28 | D19: do daty ważn | G19: 1
B20: Erytropoetyna | C20: 28 | D20: 90 | E20: =ROUNDUP((D20/C20),0) -> 4 | F20: =E20*C20 -> 112 | G20: =$G$14/F20 -> 3.2589286
B22: kwas foliowy | C22: 28 | D22: 90 | E22: =ROUNDUP((D22/C22),0) -> 4 | F22: =E22*C22 -> 112 | G22: =$G$14/F22 -> 3.2589286
B23: Czynnik wewnętrzny | C23: 14 | D23: 56 | E23: =ROUNDUP((D23/C23),0) -> 4 | F23: =E23*C23 -> 56 | G23: =$G$14/F23 -> 6.5178571
B25: Czynnik wewnętrzny | C25: 14 | D25: 56 | E25: =D25/C25 -> 4 | I25: =E25*C25 -> 56 | J25: =$G$14/I25 -> 6.5178571

Sheet roboczy
A1: Pakiet nr 5 -Odczynniki do immunodiagnostyki wraz z dzierżawą analizatora
T2: odczynnik | W2: kalibracja
A3: Lp. | B3: Nazwa produktu | C3: ilość badań | D3: Ilość | E3: Cena netto | F3: VAT (%) | G3: Cena brutto | H3: Wartość netto | I3: Wartość brutto | J3: Producent i numer katalogowy | M3: kontrole | S3: liczba ozn/rok | T3: stabilność na pokładzie | U3: liczba op wg stabilności | W3: stabilność
A4: 1 | B4: Antygen HBS | C4: 19500 | E4: 300 | F4: 0.08 | G4: =E4*F4+E4 -> 324 | H4: =E4*D4 -> 0 | I4: =G4*D4 -> 0 | J4: Beckman Coulter | K4: A24291 | M4: Access HBS AG QC Kit
A5: =A4+1 -> 2 | B5: Anty-TG | C5: 500 | E5: 300 | F5: 0.08 | G5: =E5*F5+E5 -> 324 | H5: =E5*D5 -> 0 | I5: =G5*D5 -> 0 | J5: Beckman Coulter | K5: A32898 | M5: 364 Speciality IA Liq. 1
A6: =A5+1 -> 3 | B6: Anty-TPO | C6: 1000 | E6: 300 | F6: 0.08 | G6: =E6*F6+E6 -> 324 | H6: =E6*D6 -> 0 | I6: =G6*D6 -> 0 | J6: Beckman Coulter | K6: A12985 | M6: 364 Speciality IA Liq. 1
A7: =A6+1 -> 4 | B7: BNP | C7: 110 | E7: 3840 | F7: 0.08 | G7: =E7*F7+E7 -> 4147.2 | H7: =E7*D7 -> 0 | I7: =G7*D7 -> 0 | J7: Alere* | K7: 98200 | M7: Triage BNP Controls | N7: Liquichek Cardiac Markers Plus LT Control, Level 1 (6 x 3 mLs)
A8: =A7+1 -> 5 | B8: f PSA | C8: 650 | E8: 400 | F8: 0.08 | G8: =E8*F8+E8 -> 432 | H8: =E8*D8 -> 0 | I8: =G8*D8 -> 0 | J8: Beckman Coulter | K8: 37210 | M8: Liquicheck Immunoassay Plus, Level 1 | O8: =2*365 -> 730 | Q8: 25
A9: =A8+1 -> 6 | B9: f T3 | C9: 5600 | E9: 230 | F9: 0.08 | G9: =E9*F9+E9 -> 248.4 | H9: =E9*D9 -> 0 | I9: =G9*D9 -> 0 | J9: Beckman Coulter | K9: A13422 | M9: Liquicheck Immunoassay Plus, Level 1 | O9: =2*365 -> 730 | Q9: 55
A10: =A9+1 -> 7 | B10: f T4 | C10: 6672 | E10: 230 | F10: 0.08 | G10: =E10*F10+E10 -> 248.4 | H10: =E10*D10 -> 0 | I10: =G10*D10 -> 0 | J10: Beckman Coulter | K10: 33880 | M10: Liquicheck Immunoassay Plus, Level 1 | O10: =2*365 -> 730 | Q10: 30
A11: =A10+1 -> 8 | B11: Kortyzol | C11: 1080 | E11: 300 | F11: 0.08 | G11: =E11*F11+E11 -> 324 | H11: =E11*D11 -> 0 | I11: =G11*D11 -> 0 | J11: Beckman Coulter | K11: 33600 | M11: Liquicheck Immunoassay Plus, Level 1 | O11: =2*365 -> 730 | Q11: 25
A12: =A11+1 -> 9 | B12: Przeciwciała HCV | C12: 7740 | E12: 600 | F12: 0.08 | G12: =E12*F12+E12 -> 648 | H12: =E12*D12 -> 0 | I12: =G12*D12 -> 0 | J12: Beckman Coulter | K12: 34330 | M12: HCV AB QC
A13: =A12+1 -> 10 | B13: t PSA | C13: 9684 | E13: 280 | F13: 0.08 | G13: =E13*F13+E13 -> 302.4 | H13: =E13*D13 -> 0 | I13: =G13*D13 -> 0 | J13: Beckman Coulter | K13: 37200 | M13: Liquicheck Immunoassay Plus, Level 1 | O13: =2*365 -> 730 | Q13: 25
A14: =A13+1 -> 11 | B14: TSH III GENERACJI | C14: 21616 | E14: 200 | F14: 0.08 | G14: =E14*F14+E14 -> 216 | H14: =E14*D14 -> 0 | I14: =G14*D14 -> 0 | J14: Beckman Coulter | K14: B63284 | M14: Liquicheck Immunoassay Plus, Level 1 | O14: =2*365 -> 730 | Q14: 55
A15: =A14+1 -> 12 | B15: t T3 | C15: 130 | E15: 300 | F15: 0.08 | G15: =E15*F15+E15 -> 324 | H15: =E15*D15 -> 0 | I15: =G15*D15 -> 0 | J15: Beckman Coulter | K15: 33830 | M15: Liquicheck Immunoassay Plus, Level 1 | O15: =2*365 -> 730 | Q15: 55 | R15: tt3 | S15: =C15/3 -> 43.333333 | T15: =28*2 -> 56 | U15: =365/56 -> 6.5178571 | W15: 14
A16: =A15+1 -> 13 | B16: t T4 | C16: 150 | E16: 300 | F16: 0.08 | G16: =E16*F16+E16 -> 324 | H16: =E16*D16 -> 0 | I16: =G16*D16 -> 0 | J16: Beckman Coulter | K16: 33800 | M16: Liquicheck Immunoassay Plus, Level 1 | O16: =2*365 -> 730 | Q16: 30
A17: =A16+1 -> 14 | B17: Estradiol | C17: 180 | E17: 220 | F17: 0.08 | G17: =E17*F17+E17 -> 237.6 | H17: =E17*D17 -> 0 | I17: =G17*D17 -> 0 | J17: Beckman Coulter | K17: 33540 | M17: Liquicheck Immunoassay Plus, Level 1 | O17: =2*365 -> 730 | Q17: 35
A18: =A17+1 -> 15 | B18: FSH | C18: 132 | E18: 220 | F18: 0.08 | G18: =E18*F18+E18 -> 237.6 | H18: =E18*D18 -> 0 | I18: =G18*D18 -> 0 | J18: Beckman Coulter | K18: 33520 | M18: Liquicheck Immunoassay Plus, Level 1 | O18: =2*365 -> 730 | Q18: 25
A19: =A18+1 -> 16 | B19: LH | C19: 108 | E19: 220 | F19: 0.08 | G19: =E19*F19+E19 -> 237.6 | H19: =E19*D19 -> 0 | I19: =G19*D19 -> 0 | J19: Beckman Coulter | K19: 33510 | M19: Liquicheck Immunoassay Plus, Level 1 | O19: =2*365 -> 730 | Q19: 55
A20: =A19+1 -> 17 | B20: Progesteron | C20: 132 | E20: 220 | F20: 0.08 | G20: =E20*F20+E20 -> 237.6 | H20: =E20*D20 -> 0 | I20: =G20*D20 -> 0 | J20: Beckman Coulter | K20: 33550 | M20: Liquicheck Immunoassay Plus, Level 1 | O20: =2*365 -> 730 | Q20: 20
A21: =A20+1 -> 18 | B21: Prolactin | C21: 480 | E21: 220 | F21: 0.08 | G21: =E21*F21+E21 -> 237.6 | H21: =E21*D21 -> 0 | I21: =G21*D21 -> 0 | J21: Beckman Coulter | K21: 33530 | M21: Liquicheck Immunoassay Plus, Level 1 | O21: =2*365 -> 730 | Q21: 25
A22: =A21+1 -> 19 | B22: Testosteron | C22: 504 | E22: 220 | F22: 0.08 | G22: =E22*F22+E22 -> 237.6 | H22: =E22*D22 -> 0 | I22: =G22*D22 -> 0 | J22: Beckman Coulter | K22: 33560 | M22: Liquicheck Immunoassay Plus, Level 1 | O22: =2*365 -> 730 | Q22: 20
A23: =A22+1 -> 20 | B23: Troponina I | C23: 208 | E23: 450 | F23: 0.08 | G23: =E23*F23+E23 -> 486 | H23: =E23*D23 -> 0 | I23: =G23*D23 -> 0 | J23: Beckman Coulter | K23: A98143 | M23: Liquichek Cardiac Markers Plus LT Control, Level 1 (6 x 3 mLs)
A24: =A23+1 -> 21 | B24: Witamina B12 | C24: 1452 | F24: 0.08 | G24: =E24*F24+E24 -> 0 | H24: =E24*D24 -> 0 | I24: =G24*D24 -> 0 | J24: Beckman Coulter | K24: 33000 | M24: Liquicheck Immunoassay Plus, Level 1 | O24: =2*365 -> 730 | Q24: 45
A25: =A24+1 -> 22 | B25: Test potwierdzenia Hbs | C25: 550 | F25: 0.08 | G25: =E25*F25+E25 -> 0 | H25: =E25*D25 -> 0 | I25: =G25*D25 -> 0 | J25: Beckman Coulter | K25: A24295 | M25: Access HBs Ag Confirmatory QC Kit | Q25: =SUM(Q8:Q24) -> 525 | R25: objętość uL na 1 poziom/1 kontrolę | W25: HBs Conf | X25: 2 x 110 ul | Y25: 220 ul | Z25: kontrola: | AA25: 12 ml jednego poziomu | AE25: HBsAg | AF25: 110 ul | AG25: 110 ul | AH25: kontrola: | AI25: 12 ml jednego poziomu
A26: =A25+1 -> 23 | B26: Dzierżawa | C26: 36 miesięcy | N26: rok | O26: =SUM(O8:O25) -> 10950 | Q26: =Q25*365 -> 191625 | R26: objętość na 1 rok w uL | Y26: 0,22 ml | Z26: zużycie kontroli 1 poziomu | AG26: 0,11 ml | AH26: zużycie kontroli 1 poziomu
A27: =A26+1 -> 24 | B27: Materiały zużywalne, kalibratory, kontrole i wszystkie inne materiały niezbędne do wykkonania wyżej wymienionej ilości w czsie trwania umowy | N27: 3 lata | O27: =O26*3 -> 32850 | Q27: =Q26/1000 -> 191.625 | R27: ml na 1 rok na 1 poziom | Y27: =365*0.22 -> 80.3 | Z27: ml kontroli na 1 poziom | AG27: =365*0.11 -> 40.15 | AH27: ml kontroli na 1 poziom
A28: Materiały zużywalne, kalibratory, kontrole | Q28: 12 x 5 ml = 60 ml - 1 opak | Y28: =Y27/12 -> 6.6916667 | Z28: opak 1 poziomu na 1 rok | AG28: =AG27/12 -> 3.3458333 | AH28: opak 1 poziomu na 1 rok
Y29: =Y28*3 -> 20.075 | Z29: na 3 lata | AG29: =AG28*3 -> 10.0375 | AH29: na 3 lata
A30: =A27+1 -> 25 | B30: ACCESS WASTE BAGS 20/BOX | D30: =13*3 -> 39 | E30: 140 | F30: 0.23 | G30: =E30*F30+E30 -> 172.2 | H30: =E30*D30 -> 5460 | I30: =G30*D30 -> 6715.8 | J30: 81904 | K30: Beckman Coulter | Q30: =191/60 -> 3.1833333 | R30: wychodzi 3,18 opak/rok na 1 poziom
A31: =A30+1 -> 26 | B31: ACCESS SUBSTRATE 4 X 130ML | D31: =25*3 -> 75 | E31: 150 | F31: 0.08 | G31: =E31*F31+E31 -> 162 | H31: =E31*D31 -> 11250 | I31: =G31*D31 -> 12150 | J31: 81906 | K31: Beckman Coulter
A32: =A31+1 -> 27 | B32: ACCESS Wash Buffer II, 4 x 1950 mL | D32: =80*3 -> 240 | E32: 120 | F32: 0.08 | G32: =E32*F32+E32 -> 129.6 | H32: =E32*D32 -> 28800 | I32: =G32*D32 -> 31104 | J32: A16792 | K32: Beckman Coulter
A33: =A32+1 -> 28 | B33: ACCESS SAMPLE DILUENT A, 1 X 4ML | D33: =1*3 -> 3 | E33: 70 | F33: 0.08 | G33: =E33*F33+E33 -> 75.6 | H33: =E33*D33 -> 210 | I33: =G33*D33 -> 226.8 | J33: 81908 | K33: Beckman Coulter
A34: =A33+1 -> 29 | B34: ACCESS SYSTEM CHECK SOLN, 6 X 4M | D34: =4*3 -> 12 | E34: 65 | F34: 0.08 | G34: =E34*F34+E34 -> 70.2 | H34: =E34*D34 -> 780 | I34: =G34*D34 -> 842.4 | J34: 81910 | K34: Beckman Coulter
A35: =A34+1 -> 30 | B35: ACCESS REACTION VESSELS 16X98 | D35: =48*3 -> 144 | E35: 140 | F35: 0.08 | G35: =E35*F35+E35 -> 151.2 | H35: =E35*D35 -> 20160 | I35: =G35*D35 -> 21772.8 | J35: 81901 | K35: Beckman Coulter
A36: =A35+1 -> 31 | B36: ACCESS SAMPLE CUPS 1000X2ML | D36: =6*3 -> 18 | E36: 50 | F36: 0.08 | G36: =E36*F36+E36 -> 54 | H36: =E36*D36 -> 900 | I36: =G36*D36 -> 972 | J36: 81902 | K36: Beckman Coulter
A37: =A36+1 -> 32 | B37: SAMPLE CUPS 0.5 ML | D37: 6 | E37: 290 | F37: 0.23 | G37: =E37*F37+E37 -> 356.7 | H37: =E37*D37 -> 1740 | I37: =G37*D37 -> 2140.2 | J37: 651412 | K37: Beckman Coulter
A38: =A37+1 -> 33 | B38: BRUSH, DISP. ASPIRATE 10/PKG | D38: =5*3 -> 15 | E38: 95 | F38: 0.23 | G38: =E38*F38+E38 -> 116.85 | H38: =E38*D38 -> 1425 | I38: =G38*D38 -> 1752.75 | J38: 973001 | K38: Beckman Coulter
A39: =A38+1 -> 34 | B39: CONTRAD 70, 1 X 1 LITER | D39: =1*3 -> 3 | E39: 95 | F39: 0.08 | G39: =E39*F39+E39 -> 102.6 | H39: =E39*D39 -> 285 | I39: =G39*D39 -> 307.8 | J39: 81911 | K39: Beckman Coulter
A40: =A39+1 -> 35 | B40: CITRANOX, 1 X 1 GALLON | D40: =1*3 -> 3 | E40: 190 | F40: 0.08 | G40: =E40*F40+E40 -> 205.2 | H40: =E40*D40 -> 570 | I40: =G40*D40 -> 615.6 | J40: 81912 | K40: Beckman Coulter
A41: =A40+1 -> 36 | B41: HCV AB CALIBRATORS | D41: =2*3 -> 6 | E41: 200 | F41: 0.08 | G41: =E41*F41+E41 -> 216 | H41: =E41*D41 -> 1200 | I41: =G41*D41 -> 1296 | J41: 34335 | K41: Beckman Coulter
A42: =A41+1 -> 37 | B42: Triage BNP Calibrators | D42: =2*3 -> 6 | E42: 324 | F42: 0.08 | G42: =E42*F42+E42 -> 349.92 | H42: =E42*D42 -> 1944 | I42: =G42*D42 -> 2099.52 | J42: 98202 | K42: Alere*
A43: =A42+1 -> 38 | B43: ACCESS HTSH CALIBRATORS | D43: =2*3 -> 6 | E43: 175 | F43: 0.08 | G43: =E43*F43+E43 -> 189 | H43: =E43*D43 -> 1050 | I43: =G43*D43 -> 1134 | J43: 33825 | K43: Beckman Coulter
A44: =A43+1 -> 39 | B44: ACCESS TOTAL T4 CALS | D44: =2*3 -> 6 | E44: 150 | F44: 0.08 | G44: =E44*F44+E44 -> 162 | H44: =E44*D44 -> 900 | I44: =G44*D44 -> 972 | J44: 33805 | K44: Beckman Coulter
A45: =A44+1 -> 40 | B45: ACCESS TOTAL T3 CALS S0-S5 | D45: =3*3 -> 9 | E45: 170 | F45: 0.08 | G45: =E45*F45+E45 -> 183.6 | H45: =E45*D45 -> 1530 | I45: =G45*D45 -> 1652.4 | J45: 33835 | K45: Beckman Coulter | M45: kalkulator: 3/rok; katalog: 2/rok
A46: =A45+1 -> 41 | B46: ACCESS FREE T4 CALS 50-55 | D46: =3*3 -> 9 | E46: 150 | F46: 0.08 | G46: =E46*F46+E46 -> 162 | H46: =E46*D46 -> 1350 | I46: =G46*D46 -> 1458 | J46: 33885 | K46: Beckman Coulter
A47: =A46+1 -> 42 | B47: ACCESS FT3 CALS S0-S5 | D47: =3*3 -> 9 | E47: 260 | F47: 0.08 | G47: =E47*F47+E47 -> 280.8 | H47: =E47*D47 -> 2340 | I47: =G47*D47 -> 2527.2 | J47: A13430 | K47: Beckman Coulter
A48: =A47+1 -> 43 | B48: Access Thyroglobulin Antibody II Calibrators | D48: =2*3 -> 6 | E48: 250 | F48: 0.08 | G48: =E48*F48+E48 -> 270 | H48: =E48*D48 -> 1500 | I48: =G48*D48 -> 1620 | J48: A36920 | K48: Beckman Coulter
A49: =A48+1 -> 44 | B49: ACCESS TPOAb CAL Kit S0-55 | D49: =3*3 -> 9 | E49: 400 | F49: 0.08 | G49: =E49*F49+E49 -> 432 | H49: =E49*D49 -> 3600 | I49: =G49*D49 -> 3888 | J49: A18227 | K49: Beckman Coulter
A50: =A49+1 -> 45 | B50: ACCESS LH CALIBRATOR | D50: =2*3 -> 6 | E50: 150 | F50: 0.08 | G50: =E50*F50+E50 -> 162 | H50: =E50*D50 -> 900 | I50: =G50*D50 -> 972 | J50: 33515 | K50: Beckman Coulter
A51: =A50+1 -> 46 | B51: ACCESS FSH CALIBRATORS | D51: =2*3 -> 6 | E51: 350 | F51: 0.08 | G51: =E51*F51+E51 -> 378 | H51: =E51*D51 -> 2100 | I51: =G51*D51 -> 2268 | J51: 33525 | K51: Beckman Coulter
A52: =A51+1 -> 47 | B52: ACCESS ESTRADIOL CAL S0-S5 | D52: =5*3 -> 15 | E52: 150 | F52: 0.08 | G52: =E52*F52+E52 -> 162 | H52: =E52*D52 -> 2250 | I52: =G52*D52 -> 2430 | J52: 33545 | K52: Beckman Coulter
A53: =A52+1 -> 48 | B53: TBhCG Calibrators S0-S5 | D53: =2*3 -> 6 | E53: 150 | F53: 0.08 | G53: =E53*F53+E53 -> 162 | H53: =E53*D53 -> 900 | I53: =G53*D53 -> 972 | J53: B11754 | K53: Beckman Coulter
A54: =A53+1 -> 49 | B54: ACCESS PROLACTN CALS | D54: =3*3 -> 9 | E54: 220 | F54: 0.08 | G54: =E54*F54+E54 -> 237.6 | H54: =E54*D54 -> 1980 | I54: =G54*D54 -> 2138.4 | J54: 33535 | K54: Beckman Coulter
A55: =A54+1 -> 50 | B55: ACCESS TESTOSTERONE CAL, S0-S5 | D55: =3*3 -> 9 | E55: 150 | F55: 0.08 | G55: =E55*F55+E55 -> 162 | H55: =E55*D55 -> 1350 | I55: =G55*D55 -> 1458 | J55: 33565 | K55: Beckman Coulter
A56: =A55+1 -> 51 | B56: ACCESS PROGESTERONE CAL | D56: =4*3 -> 12 | E56: 150 | F56: 0.08 | G56: =E56*F56+E56 -> 162 | H56: =E56*D56 -> 1800 | I56: =G56*D56 -> 1944 | J56: 33555 | K56: Beckman Coulter
A57: =A56+1 -> 52 | B57: ACCESS HYBRITECH PSA CAL KIT | D57: =3*3 -> 9 | E57: 150 | F57: 0.08 | G57: =E57*F57+E57 -> 162 | H57: =E57*D57 -> 1350 | I57: =G57*D57 -> 1458 | J57: 37205 | K57: Beckman Coulter
A58: =A57+1 -> 53 | B58: ACCESS HYBRITECH FREE PSA CAL KIT | D58: =3*3 -> 9 | E58: 150 | F58: 0.08 | G58: =E58*F58+E58 -> 162 | H58: =E58*D58 -> 1350 | I58: =G58*D58 -> 1458 | J58: 37215 | K58: Beckman Coulter
A59: =A58+1 -> 54 | B59: ACCESS CORTISOL CALS S0-S5 | D59: =2*3 -> 6 | E59: 150 | F59: 0.08 | G59: =E59*F59+E59 -> 162 | H59: =E59*D59 -> 900 | I59: =G59*D59 -> 972 | J59: 33605 | K59: Beckman Coulter
A60: =A59+1 -> 55 | B60: AccuTnI+3 for use on Access Cals S0-S5 | D60: =4*3 -> 12 | E60: 150 | F60: 0.08 | G60: =E60*F60+E60 -> 162 | H60: =E60*D60 -> 1800 | I60: =G60*D60 -> 1944 | J60: A98144 | K60: Beckman Coulter
A61: =A60+1 -> 56 | B61: Access HBS AG Calibrator Kit | D61: =4*3 -> 12 | E61: 300 | F61: 0.08 | G61: =E61*F61+E61 -> 324 | H61: =E61*D61 -> 3600 | I61: =G61*D61 -> 3888 | J61: A24292 | K61: Beckman Coulter
A62: =A61+1 -> 57 | B62: Access Vitamin B12 Calibrator Kit | D62: =3*3 -> 9 | E62: 226 | F62: 0.08 | G62: =E62*F62+E62 -> 244.08 | H62: =E62*D62 -> 2034 | I62: =G62*D62 -> 2196.72 | J62: 33005 | K62: Beckman Coulter
A63: =A62+1 -> 58 | B63: Access HBs Ag Confirmatory Calibrator Kit | D63: 12 | E63: 478 | F63: 0.08 | G63: =E63*F63+E63 -> 516.24 | H63: =E63*D63 -> 5736 | I63: =G63*D63 -> 6194.88 | J63: A24292 | K63: Beckman Coulter
A64: =A63+1 -> 59 | B64: HCV AB QC | D64: =5*3 -> 15 | E64: 300 | F64: 0.08 | G64: =E64*F64+E64 -> 324 | H64: =E64*D64 -> 4500 | I64: =G64*D64 -> 4860 | J64: 34339 | K64: Beckman Coulter
A65: =A64+1 -> 60 | B65: Triage BNP Controls | D65: =5*3 -> 15 | E65: 357 | F65: 0.08 | G65: =E65*F65+E65 -> 385.56 | H65: =E65*D65 -> 5355 | I65: =G65*D65 -> 5783.4 | J65: 98201 | K65: Alere*
A66: =A65+1 -> 61 | B66: Access HBS AG QC Kit | D66: =10*4 -> 40 | E66: 450 | F66: 0.08 | G66: =E66*F66+E66 -> 486 | H66: =E66*D66 -> 18000 | I66: =G66*D66 -> 19440 | J66: A24294 | K66: Beckman Coulter
A67: =A66+1 -> 62 | B67: Access HBs Ag Confirmatory QC Kit | D67: =4*3 -> 12 | E67: 603 | F67: 0.08 | G67: =E67*F67+E67 -> 651.24 | H67: =E67*D67 -> 7236 | I67: =G67*D67 -> 7814.88 | J67: A24294 | K67: Beckman Coulter
A68: =A66+1 -> 62 | B68: Liquicheck Immunoassay Plus, Level 1 | D68: =4*3 -> 12 | E68: 1200 | F68: 0.08 | G68: =E68*F68+E68 -> 1296 | H68: =E68*D68 -> 14400 | I68: =G68*D68 -> 15552 | J68: A49928/361 | K68: Bio-Rad
A69: =A68+1 -> 63 | B69: Liquicheck Immunoassay Plus, Level 3 | D69: =4*3 -> 12 | E69: 1200 | F69: 0.08 | G69: =E69*F69+E69 -> 1296 | H69: =E69*D69 -> 14400 | I69: =G69*D69 -> 15552 | J69: A49930/363 | K69: Bio-Rad
A70: =A69+1 -> 64 | B70: 364 Speciality IA Liq. 1 | D70: =2*3 -> 6 | E70: 1300 | F70: 0.08 | G70: =E70*F70+E70 -> 1404 | H70: =E70*D70 -> 7800 | I70: =G70*D70 -> 8424 | J70: A32415/364 | K70: Bio-Rad
A71: =A70+1 -> 65 | B71: 366 Speciality IA Liq. 3 | D71: =2*3 -> 6 | E71: 1300 | F71: 0.08 | G71: =E71*F71+E71 -> 1404 | H71: =E71*D71 -> 7800 | I71: =G71*D71 -> 8424 | J71: A32505/366 | K71: Bio-Rad
A72: =A71+1 -> 66 | B72: Liquichek Cardiac Markers Plus LT Control, Level 1 (6 x 3 mLs) | D72: =2*3 -> 6 | E72: 460 | F72: 0.08 | G72: =E72*F72+E72 -> 496.8 | H72: =E72*D72 -> 2760 | I72: =G72*D72 -> 2980.8 | J72: A56557/146 | K72: Bio-Rad | M72: Czy ta kontrola jest potrzebna? Jest już Triage BNP
A73: =A72+1 -> 67 | B73: Liquichek Cardiac Markers Plus LT Control, Level 3 (6x 3 mLs) | D73: =2*3 -> 6 | E73: 460 | F73: 0.08 | G73: =E73*F73+E73 -> 496.8 | H73: =E73*D73 -> 2760 | I73: =G73*D73 -> 2980.8 | J73: A83593/148 | K73: Bio-Rad | M73: Czy ta kontrola jest potrzebna? Jest już Triage BNP
H74: =SUM(H4:H73) -> 200055 | I74: =SUM(I4:I73) -> 217353.15
B76: * Oferta partnera konsorcjum firmy Werfen
